 Dungeon Crawl Stone Soup version 0.29.0-4-gdea44cf6ec (webtiles) character file.

Game seed: 7213856179283482745

354978 qw the Impregnable (level 22, -11/149 HPs)
             Began as a Gargoyle Fighter on Sept 6, 2022.
             Was a High Priest of Okawaru.
             Killed by divine providence
             ... invoked by a living spell
             ... summoned by a walking divine tome
              (13 damage)
             ... on level 3 of the Depths.
             The game lasted 00:22:57 (51254 turns).

qw the Impregnable (Gargoyle Fighter)              Turns: 51254, Time: 00:22:58

Health: -11/149    AC: 74    Str: 31    XL:     22   Next: 31%
Magic:  29/29      EV: 11    Int: 10    God:    Okawaru [*****.]
Gold:   1099       SH: 28    Dex: 11    Spells: 21/21 levels left

rFire   + . .      SeeInvis +   y - +11 broad axe "Bulyeph" {holy, Will+ Dex+2 Stlth+}
rCold   + + .      Faith    .   w - +0 tower shield
rNeg    + + +      Spirit   .   z - +11 gold dragon scales of Fortitude {Rampage rPois rF+ rC+ rN++ Str-5 Stlth+}
rPois   inf        Reflect  +   b - +2 helmet
rElec   +          Harm     .   k - +2 cloak
rCorr   .          Rampage  +   I - +2 pair of gloves
Will    ++...                   f - +2 pair of boots
Stlth   ..........              m - amulet of reflection
HPRegen 0.34/turn               Y - +4 ring of protection
MPRegen 0.21/turn               e - ring "Dulepp" {rC+ Str+6 SInv}

@: about to teleport, heroic, flying
A: sickness immunity, AC +16, big wings, negative energy resistance 1,
electricity resistance, torment resistance 1, petrification resistance
}: 2/15 runes: serpentine, barnacled
a: Renounce Religion, Heroism, Finesse, Duel


You were on level 3 of the Depths.
You worshipped Okawaru.
Okawaru was extremely pleased with you.
You visited 8 branches of the dungeon, and saw 38 of its levels.
You also visited: Desolation.

You collected 5098 gold pieces.
You spent 3999 gold pieces at shops.


Innate Abilities, Weirdness & Mutations

You are immune to sickness and miasma.
Your stone body is resilient. (AC +16)
You are immune to poison.
Your large and strong wings let you fly.
You resist negative energy. (rN+)
You are resistant to electric shocks. (rElec)
You are resistant to unholy torment.
You are immune to petrification.


   Skills:
 - Level 19.0(24.0) Fighting
 - Level 18.0(23.0) Axes
 - Level 10.2(15.2) Throwing
 - Level 21.0(26.0) Armour
 - Level 6.1(11.1) Dodging
 + Level 20.2(25.2) Shields
 - Level 10.0 Invocations


You had 21 spell levels left.
You didn't know any spells.
Your spell library was empty.

Inventory:

Hand Weapons
 x - the +5 broad axe "Zaism" {speed, Contam +Blink rElec MP+9}
   (Okawaru gifted it to you on level 4 of the Snake Pit)

   Attacks with this weapon are significantly faster.
   rElec:     It insulates you from electricity.
   MP:        It affects your magic capacity (+9).
   +Blink:    It lets you blink.
   Contam:    It causes magical contamination when unequipped.
 y - the +11 broad axe "Bulyeph" (weapon) {holy, Will+ Dex+2 Stlth+}
   (You bought it in a shop on level 2 of the Orcish Mines)

   It has been blessed by the Shining One to cause great damage to the undead
   and demons.
   Dex:       It affects your dexterity (+2).
   Will:      It increases your willpower.
   Stlth:     It makes you more stealthy.
Missiles
 n - 10 javelins (quivered)
 s - 28 boomerangs
 C - 4 boomerangs of dispersal
 D - 3 silver boomerangs
Armour
 a - the +1 hat of qw's Courage {Harm rPois SInv}
   (Okawaru gifted it to you in the Desolation of Salt)

   rPois:     It protects you from poison.
   SInv:      It lets you see invisible.
   Harm:      It increases damage dealt and taken.
 b - a +2 helmet (worn)
 f - a +2 pair of boots (worn)
 k - a +2 cloak (worn)
 w - a +0 tower shield (worn)
 z - the +11 gold dragon scales of Fortitude (worn) {Rampage rPois rF+ rC+ rN++ Str-5 Stlth+}
   (Okawaru gifted it to you on level 1 of the Shoals)

   Str:       It affects your strength (-5).
   rF:        It protects you from fire.
   rC:        It protects you from cold.
   rPois:     It protects you from poison.
   rN:        It greatly protects you from negative energy.
   Rampage:   It bestows one free step when moving towards enemies.
   Stlth:     It makes you more stealthy.
 I - a +2 pair of gloves (worn)
Jewellery
 e - the ring "Dulepp" (right hand) {rC+ Str+6 SInv}
   (You took it off a ragged hierophant in the Desolation of Salt)

   [ring of strength]

   Str:       It affects your strength (+6).
   rC:        It protects you from cold.
   SInv:      It lets you see invisible.
 m - an amulet of reflection (around neck)
 r - a ring of protection from fire
 E - a +4 ring of protection
 H - a ring of protection from fire
 Y - a +4 ring of protection (left hand)
Wands
 G - a wand of digging (15)
Scrolls
 c - 4 scrolls of blinking
 g - 8 scrolls of identify
 j - 5 scrolls of teleportation
 u - a scroll of brand weapon
 A - 2 scrolls of enchant weapon
Potions
 d - 11 potions of might
 h - 7 potions of heal wounds
 i - 23 potions of curing
 l - 5 potions of haste
 o - 3 potions of mutation
 p - 5 potions of cancellation
 q - 6 potions of resistance
 t - 2 potions of magic
 v - 5 potions of attraction
 B - 5 potions of lignification

Dungeon Overview and Level Annotations

Branches:
Dungeon (15/15)            Temple (1/1) D:6            Lair (5/5) D:11
 Shoals (4/4) Lair:3        Snake (4/4) Lair:3        Slime (0/5) Lair:5
    Orc (2/2) D:11            Elf (0/3) Orc:2        Vaults (4/5) D:14
  Crypt (0/3) Vaults:2     Depths (3/4) D:15        Desolation (visited)

Altars:
Ashenzari
Cheibriados
Dithmenos
Elyvilon
Fedhas
Gozag
Hepliaklqana
Kikubaaqudgha
Makhleb
Nemelex Xobeh
Okawaru
Qazlal
Ru
Sif Muna
Trog
Uskayaw
Vehumet
Wu Jian
Xom
Yredelemnul
Zin
The Shining One
Jiyva

Shops:
D:7 (   Orc:2 (([[   Snake:1 ::(=   Snake:2 =:=   Vaults:2 ==   Vaults:4 [([:!

Portals:
Hell: Depths:1 Depths:2
Abyss: Depths:1 Depths:3
Pandemonium: Depths:2
Trove: D:10 (give 8 scrolls of fear)

Annotations:
D:3 1 runed translucent door, Crazy Yiuf
Shoals:3 2 transporters
Snake:1 3 runed translucent doors, Elinuc's ghost, adept DEHW
Snake:3 2 transporters, qw's ghost, adept MiBe
Vaults:2 2 transporters
Depths:3 3 runed translucent doors, Dameikh's ghost, veteran FoFi


Message History

The bolt of dispelling energy hits you!!!
The fire dragon bites you but does no damage.
The fire dragon closely misses you.
The fire dragon tramples you but does no damage.
You cut the quicksilver dragon into ribbons!!!
The quicksilver dragon is almost dead.
You barely miss the fire dragon.
You block the quicksilver dragon's attack.
The quicksilver dragon claws you but does no damage.
The walking divine tome erupts in a flurry of living spells!
The fire dragon breathes flames at you. The blast of flame hits you!
You resist.
You barely miss the quicksilver dragon.
The quicksilver dragon is almost dead.
You slice the fire dragon!!
The quicksilver dragon breathes dispelling energy at you.
The bolt of dispelling energy hits you!
You slash the quicksilver dragon!
You kill the quicksilver dragon!
Okawaru accepts your kill.
You slash the fire dragon! The fire dragon breathes flames at you.
The blast of flame misses you.
The walking divine tome erupts in a flurry of living spells!
The living spell casts itself at you. Something smites you!
The living spell casts itself at you. Something smites you!
The living spell casts itself at you. Something smites you!
Your base Dodging skill increases to level 6!
51254 ||| READING 6 scrolls of teleportation.
As you read the scroll of teleportation, it crumbles to dust.
You feel strangely unstable. The fire dragon closely misses you.
The fire dragon claws you but does no damage.
The fire dragon tramples you but does no damage.
The living spell casts itself at you. Something smites you!
You die...

## #........#.#####
# ##'####'##.# #
############# #
#...........# #
+...........#
#...(%......#
#...#####...######+#
#...# #...........
#...# #@.*........
#...# #;D*.^......
########...#
#D#######...
...#.......# .... ..
.<.#.......#D...*. .
...#.......#...$...
...#...###+#D.!$?..
...#...#
.....)...+.... .
...#...# ..8....
#....


You could see a walking divine tome, a fire dragon (catching breath), an ice
dragon and 3 living smiting commandments.

Vanquished Creatures
  An ancient lich (Vaults:4)
  Mara (Snake:4)
  Boris (Depths:3)
  Vv (Depths:2)
  Vashnia (Snake:4)
  2 Tzitzimimeh (Depths:3)
  2 doom hounds (Depths:3)
  A titan (Vaults:4)
  A quicksilver dragon (Depths:3)
  Asterion (Depths:1)
  Grunn (Depths:3)
  2 liches
  2 krakens (Shoals:3)
  6 sphinxes
  A tengu reaver (Vaults:4)
  A storm dragon (Shoals:4)
  9 nagarajas (Snake:4)
  Agnes (D:14)
  2 fire giants
  3 frost giants
  4 imperial myrmidons (Desolation)
  9 vault wardens
  Aizul (Depths:2)
  A reaper (Depths:2)
  5 very ugly things
  9 stone giants
  10 ironbound preservers
  7 ironbound thunderhulks
  23 dire elephants
  An entropy weaver (Vaults:3)
  2 halazid warlocks (Desolation)
  5 ettins
  A deep elf death mage (Vaults:2)
  3 jiangshi (Depths:1)
  6 merfolk javelineers
  4 fire dragons (Depths:3)
  15 merfolk impalers
  11 great orbs of eyes
  Josephine (D:14)
  7 vault guards
  8 ragged hierophants (Desolation)
  Erolcha (D:12)
  11 peacekeepers
  A rakshasa (Depths:2)
  9 yaktaur captains
  5 servants of whispers (Desolation)
  3 ogre magi
  4 ice dragons
  6 hydras
  8 boulder beetles
  8 ironbound frosthearts
  10 anacondas
  13 naga warriors
  12 two-headed ogres
  10 centaur warriors
  3 merfolk aquamancers
  2 merfolk avatars
  An alligator snapping turtle (Shoals:3)
  2 vampire magi
  5 deep troll earth magi
  2 spriggan berserkers (Depths:3)
  A titan zombie (Vaults:3)
  9 death yaks
  5 tengu warriors
  10 naga sharpshooters
  7 hell knights (Depths:3)
  4 shock serpents
  8 skeletal warriors
  Lodul (D:13)
  2 salamander mystics
  2 iron trolls (Depths:2)
  9 sea snakes
  19 ironbound convokers
  39 deep trolls
  4 glowing orange brains
  5 wizards
  3 necromancers
  7 naga ritualists
  9 harpies
  8 lindwurms
  2 phantasmal warriors
  3 orc sorcerers
  2 deep elf pyromancers
  A deep elf zephyrmancer (D:14)
  12 mana vipers
  27 ugly things
  7 manticores
  A manticore (shapeshifter) (Vaults:3)
  4 fauns (Shoals:2)
  8 cyclopes
  8 elephants (Lair:5)
  9 salamanders
  Maurice (D:8)
  19 vault sentinels
  16 guardian serpents
  18 naga magi
  7 merfolk sirens
  A titan simulacrum (Depths:2)
  8 water nymphs
  30 black mambas
  A gargoyle (D:12)
  17 cane toads
  Maggie (Lair:1)
  5 unseen horrors (Depths:3)
  6 komodo dragons
  A rime drake (Lair:3)
  3 tengu conjurers
  2 efreet
  30 yaktaurs
  2 tormentors (Depths:3)
  A spark wasp simulacrum (Depths:2)
  3 polar bears (Orc:2)
  A queen bee (shapeshifter) (D:13)
  A red devil (Depths:2)
  14 trolls
  4 large abominations (Depths:3)
  6 hornets
  34 merfolk
  A tarantella (Vaults:3)
  3 tyrant leeches (Lair:5)
  10 blink frogs (Lair:5)
  12 wind drakes
  21 slime creatures
  67 saltlings (Desolation)
  3 snapping turtles
  A human simulacrum (Vaults:3)
  A centaur simulacrum (D:14)
  A shadow (D:11)
  9 air elementals (Shoals:4)
  4 spriggans (Depths:3)
  6 wraiths
  2 ynoxinuls (Depths:2)
  A spriggan (shapeshifter) (D:14)
  21 water elementals
  2 vampires
  41 yaks
  2 wyverns
  2 basilisks
  A redback (Vaults:3)
  4 chaos spawn
  3 steam dragons
  8 vampire mosquitoes
  2 wargs (Orc:1)
  A yaktaur simulacrum (Vaults:3)
  41 nagas
  An acid dragon (D:10)
  8 water moccasins
  A glowing shapeshifter skeleton (Depths:2)
  A floating eye (shapeshifter) (Vaults:2)
  12 orc warriors
  A hornet zombie (D:7)
  An ice beast (D:7)
  3 black bears
  20 wolves
  3 boggarts (Vaults:2)
  32 ogres
  6 centaurs
  3 phantoms
  15 bullfrogs
  4 kobold brigands
  A gnoll sergeant (D:10)
  A necrophage (D:6)
  2 scorpions
  A water moccasin zombie (D:7)
  18 wights
  16 killer bees
  3 small abominations (Depths:3)
  3 howler monkeys (D:11)
  2 electric eels (Lair:5)
  A centaur zombie (D:7)
  A bullfrog zombie (D:7)
  2 hounds
  4 human zombies
  13 orc priests
  A jelly (D:6)
  2 human skeletons (D:5)
  6 iguanas
  2 gnoll boudas
  A hell rat (Lair:3)
  20 orc wizards
  Robin (D:3)
  3 howler monkey zombies (D:7)
  18 gnolls
  7 river rats (Lair:3)
  9 adders
  3 shadow imps (D:7)
  2 ufetubi
  2 worms
  2 dart slugs (D:2)
  53 orcs
  9 ball pythons
  7 endoplasms
  7 giant cockroaches
  11 hobgoblins
  28 kobolds
  3 quokkas
  7 bats
  3 frilled lizards
  11 goblins
  An orc skeleton (D:5)
  An orc zombie (D:5)
  11 rats
  A bush (Depths:2)
  6 tentacles (Shoals:3)
1444 creatures vanquished.

Vanquished Creatures (others)
  A molten gargoyle (Desolation)
  9 bushes (Depths:2)
  31 fungi
  106 plants
  7 tentacles (Shoals:3)
  5 withered plants (D:7)
159 creatures vanquished.

Grand Total: 1603 creatures vanquished

Notes
Turn   | Place    | Note
-------+----------+-------------------------------------------
     0 | D:1      | qw the Gargoyle Fighter began the quest for the Orb.
     0 | D:1      | Reached XP level 1. HP: 14/14 MP: 1/1
     0 | D:1      | 0 ||| qw: Version: 0.1-a-107-g9ff403c
     0 | D:1      | 0 ||| qw: Game counter: 6150
     0 | D:1      | 0 ||| qw: Always use a shield: true
     0 | D:1      | 0 ||| qw: God list: Okawaru
     0 | D:1      | 0 ||| qw: Allow faded altars: false
     0 | D:1      | 0 ||| qw: Do Orc after D:15 true
     0 | D:1      | 0 ||| qw: Do second Lair branch before Depths: true
     0 | D:1      | 0 ||| qw: Lair rune preference: random
     0 | D:1      | 0 ||| qw: Plans: Normal, Zot, God:TSO, Crypt, Tomb, Zig,
                  | Orb
     0 | D:1      | 0 ||| PLANNING D:1-11
   358 | D:1      | Reached XP level 2. HP: 19/19 MP: 2/2
   737 | D:1      | 737 ||| UPGRADING to +0 plate armour.
   747 | D:1      | 747 ||| DROPPING +0 scale mail.
   748 | D:1      | 748 ||| UPGRADING to +0 cloak.
   753 | D:1      | 753 ||| READING scroll labelled BUOBLI JEIZE.
   754 | D:1      | 754 ||| READING scroll labelled JOCUZA QOCEGRI.
   759 | D:1      | 759 ||| READING scroll labelled UTHANK OF LESTINO.
   760 | D:1      | 760 ||| DRINKING 2 cyan potions.
   808 | D:2      | Reached skill level 3 in Axes
   816 | D:2      | Reached XP level 3. HP: 23/23 MP: 3/3
   837 | D:2      | 837 ||| FLEEEEING.
   838 | D:2      | 838 ||| FLEEEEING.
   839 | D:2      | 839 ||| STAIRDANCE
  1132 | D:2      | Found a faded altar of an unknown god.
  1234 | D:2      | 1234 ||| Stepping ~*~*~tactically~*~*~ (hiding).
  1235 | D:2      | 1235 ||| Stepping ~*~*~tactically~*~*~ (hiding).
  1387 | D:2      | 1387 ||| Stepping ~*~*~tactically~*~*~ (stealth).
  1439 | D:2      | Found a bloodstained altar of Trog.
  1546 | D:2      | Reached XP level 4. HP: 28/28 MP: 4/4
  1576 | D:2      | 1576 ||| Stepping ~*~*~tactically~*~*~ (stealth).
  1578 | D:2      | 1578 ||| Stepping ~*~*~tactically~*~*~ (hiding).
  1934 | D:2      | 1934 ||| UPGRADING to +0 helmet.
  1939 | D:2      | 1939 ||| READING scroll labelled BESUOPO BIRR.
  1940 | D:2      | 1940 ||| READING scroll labelled ASIREI USTRO.
  1994 | D:2      | 1994 ||| DRINKING 2 bubbling grey potions.
  2398 | D:3      | 2398 ||| Stepping ~*~*~tactically~*~*~ (hiding).
  2400 | D:3      | 2400 ||| Stepping ~*~*~tactically~*~*~ (hiding).
  2447 | D:3      | Found a broken altar of Ashenzari.
  2554 | D:3      | Noticed Robin
  2562 | D:3      | Reached XP level 5. HP: 24/32 MP: 5/5
  2570 | D:3      | Killed Robin
  2855 | D:3      | Found a runed translucent door.
  2856 | D:3      | Noticed Crazy Yiuf
  3115 | D:3      | 3115 ||| DROPPING ring of magical power.
  3116 | D:3      | 3116 ||| READING scroll labelled WITOKY QAORCHA.
  3117 | D:3      | 3117 ||| READING scroll labelled FOIXAETZOI.
  3118 | D:3      | 3118 ||| READING scroll labelled MOYSTUPIXT.
  3119 | D:3      | 3119 ||| DRINKING 2 ruby potions.
  3244 | D:4      | 3244 ||| FLEEEEING.
  3550 | D:4      | Reached XP level 6. HP: 25/38 MP: 6/6
  3552 | D:4      | 3552 ||| FLEEEEING.
  3553 | D:4      | 3553 ||| FLEEEEING.
  3554 | D:4      | 3554 ||| FLEEEEING.
  3555 | D:4      | 3555 ||| FLEEEEING.
  3556 | D:4      | 3556 ||| FLEEEEING.
  3557 | D:4      | 3557 ||| FLEEEEING.
  3558 | D:4      | 3558 ||| FLEEEEING.
  3559 | D:4      | 3559 ||| FLEEEEING.
  3560 | D:4      | 3560 ||| FLEEEEING.
  3561 | D:4      | 3561 ||| FLEEEEING.
  3562 | D:4      | 3562 ||| FLEEEEING.
  3563 | D:4      | 3563 ||| FLEEEEING.
  3564 | D:4      | 3564 ||| FLEEEEING.
  3565 | D:4      | 3565 ||| FLEEEEING.
  3566 | D:4      | 3566 ||| FLEEEEING.
  3567 | D:4      | 3567 ||| FLEEEEING.
  3568 | D:4      | 3568 ||| FLEEEEING.
  3569 | D:4      | 3569 ||| FLEEEEING.
  3570 | D:4      | 3570 ||| FLEEEEING.
  3571 | D:4      | 3571 ||| FLEEEEING.
  3572 | D:4      | 3572 ||| STAIRDANCE
  3787 | D:3      | 3787 ||| DRINKING 2 lumpy puce potions.
  3788 | D:3      | 3788 ||| DROPPING potion of magic.
  3873 | D:4      | 3873 ||| FLEEEEING.
  3874 | D:4      | 3874 ||| FLEEEEING.
  3878 | D:4      | 3878 ||| FLEEEEING.
  3879 | D:4      | 3879 ||| FLEEEEING.
  3880 | D:4      | 3880 ||| FLEEEEING.
  3881 | D:4      | 3881 ||| FLEEEEING.
  3882 | D:4      | 3882 ||| FLEEEEING.
  3883 | D:4      | 3883 ||| FLEEEEING.
  3884 | D:4      | 3884 ||| STAIRDANCE
  4087 | D:4      | 4087 ||| DROPPING +0 whip.
  4137 | D:4      | 4137 ||| READING scroll of teleportation.
  4238 | D:4      | Reached skill level 6 in Axes
  4327 | D:4      | 4327 ||| Stepping randomly (stuck).
  4642 | D:5      | Entered Level 5 of the Dungeon
  4643 | D:5      | 4643 ||| PLANNING OSSUARY
  4715 | D:5      | Reached skill level 4 in Armour
  4715 | D:5      | Reached XP level 7. HP: 43/43 MP: 7/7
  4866 | D:5      | Found a glowing golden altar of the Shining One.
  4866 | D:5      | Found an opulent altar of Gozag.
  4933 | D:5      | Found a snail-covered altar of Cheibriados.
  4933 | D:5      | Found a basalt altar of Yredelemnul.
  5189 | D:5      | Reached XP level 8. HP: 49/49 MP: 8/8
  5271 | D:5      | Reached skill level 1 in Dodging
  5290 | D:5      | Found a sand-covered staircase.
  5296 | D:5      | 5296 ||| READING scroll labelled NIS PITUSUSO.
  5297 | D:5      | 5297 ||| READING scroll labelled ADGHIBI CIBLE.
  5298 | D:5      | 5298 ||| DRINKING 2 sedimented black potions.
  5399 | D:5      | 5399 ||| DRINKING 2 murky red potions.
  5400 | D:5      | 5400 ||| READING 3 scrolls of identify.
  5400 | D:5      | 5400 ||| IDENTIFYING puce potion
  5401 | D:5      | 5401 ||| READING 2 scrolls of identify.
  5401 | D:5      | 5401 ||| IDENTIFYING fuming dark potion
  5402 | D:5      | 5402 ||| DROPPING potion of ambrosia.
  5403 | D:5      | 5403 ||| DROPPING potion of brilliance.
  5444 | D:5      | Reached skill level 1 in Throwing
  5525 | D:5      | 5525 ||| Stepping ~*~*~tactically~*~*~ (stealth).
  5527 | D:5      | 5527 ||| Stepping ~*~*~tactically~*~*~ (stealth).
  5529 | D:5      | 5529 ||| Stepping ~*~*~tactically~*~*~ (hiding).
  5531 | D:5      | 5531 ||| Stepping ~*~*~tactically~*~*~ (hiding).
  5690 | D:5      | 5690 ||| RIP OSSUARY
  5690 | D:5      | 5690 ||| PLANNING D:1-11
  5726 | D:6      | 5726 ||| Stepping ~*~*~tactically~*~*~ (stealth).
  5727 | D:6      | 5727 ||| Stepping ~*~*~tactically~*~*~ (stealth).
  6073 | D:6      | 6073 ||| Stepping ~*~*~tactically~*~*~ (hiding).
  6074 | D:6      | 6074 ||| Stepping ~*~*~tactically~*~*~ (hiding).
  6085 | D:6      | Reached skill level 5 in Armour
  6357 | D:6      | Found a staircase to the Ecumenical Temple.
  6358 | D:6      | 6358 ||| PLANNING TEMPLE
  6362 | D:6      | Reached skill level 6 in Fighting
  6442 | D:6      | 6442 ||| UPGRADING to amulet of reflection.
  6447 | D:6      | 6447 ||| READING 3 scrolls of identify.
  6447 | D:6      | 6447 ||| IDENTIFYING inky potion
  6448 | D:6      | 6448 ||| READING 2 scrolls of identify.
  6448 | D:6      | 6448 ||| IDENTIFYING brown potion
  6449 | D:6      | 6449 ||| DROPPING potion of degeneration.
  6450 | D:6      | 6450 ||| DROPPING potion of invisibility.
  6454 | Temple   | Entered the Ecumenical Temple
  6502 | Temple   | Became a worshipper of Warmaster Okawaru
  6506 | Temple   | 6506 ||| PLANNING D:1-11
  6669 | D:6      | Found a stormy altar of Qazlal.
  6960 | D:7      | Reached XP level 9. HP: 55/55 MP: 9/9
  6974 | D:7      | 6974 ||| READING scroll of enchant armour.
  6974 | D:7      | 6974 ||| ENCHANTING +0 helmet.
  7054 | D:7      | Reached skill level 9 in Axes
  7054 | D:7      | 7054 ||| Stepping ~*~*~tactically~*~*~ (stealth).
  7061 | D:7      | 7061 ||| Stepping ~*~*~tactically~*~*~ (stealth).
  7103 | D:7      | 7103 ||| DROPPING +0 flail.
  7116 | D:7      | 7116 ||| Stepping ~*~*~tactically~*~*~ (stealth).
  7126 | D:7      | 7126 ||| Stepping ~*~*~tactically~*~*~ (stealth).
  7131 | D:7      | 7131 ||| Stepping ~*~*~tactically~*~*~ (stealth).
  7179 | D:7      | 7179 ||| Stepping ~*~*~tactically~*~*~ (stealth).
  7181 | D:7      | 7181 ||| Stepping ~*~*~tactically~*~*~ (hiding).
  7192 | D:7      | 7192 ||| Stepping ~*~*~tactically~*~*~ (stealth).
  7193 | D:7      | 7193 ||| Stepping ~*~*~tactically~*~*~ (stealth).
  7198 | D:7      | 7198 ||| Stepping ~*~*~tactically~*~*~ (hiding).
  7245 | D:7      | 7245 ||| READING scroll of enchant armour.
  7245 | D:7      | 7245 ||| ENCHANTING +1 helmet.
  7270 | D:7      | Noticed a manticore
  7282 | D:7      | HP: 9/55 [manticore (11)]
  7283 | D:7      | 7283 ||| READING scroll of teleportation.
  7284 | D:7      | 7284 ||| DRINKING 2 potions of heal wounds.
  7322 | D:7      | 7322 ||| Stepping ~*~*~tactically~*~*~ (stealth).
  7324 | D:7      | 7324 ||| Stepping ~*~*~tactically~*~*~ (hiding).
  7327 | D:7      | Killed a manticore
  7327 | D:7      | Reached * piety under Okawaru
  7328 | D:7      | Reached skill level 7 in Armour
  7443 | D:7      | 7443 ||| Stepping ~*~*~tactically~*~*~ (stealth).
  7489 | D:7      | 7489 ||| Stepping ~*~*~tactically~*~*~ (stealth).
  7527 | D:7      | 7527 ||| Stepping ~*~*~tactically~*~*~ (hiding).
  7528 | D:7      | 7528 ||| Stepping ~*~*~tactically~*~*~ (hiding).
  7538 | D:7      | Reached skill level 1 in Invocations
  7657 | D:7      | 7657 ||| INVOKING Heroism.
  7756 | D:7      | Found Xoweeb's Antique Weapon Emporium.
  7764 | D:7      | 7764 ||| BUYING glowing flail (240 gold).
  7764 | D:7      | Bought a glowing flail for 240 gold pieces
  7764 | D:7      | 7764 ||| DROPPING +2 flail.
  7861 | D:7      | Reached skill level 3 in Invocations
  7907 | D:7      | 7907 ||| READING scroll of enchant weapon.
  7907 | D:7      | 7907 ||| ENCHANTING +1 war axe.
  7918 | D:7      | Found a radiant altar of Vehumet.
  7920 | D:7      | 7920 ||| Stepping ~*~*~tactically~*~*~ (stealth).
  7923 | D:7      | 7923 ||| Stepping ~*~*~tactically~*~*~ (hiding).
  8226 | D:7      | 8226 ||| READING scroll labelled ZUMATI SIOVYJUN.
  8227 | D:7      | 8227 ||| DRINKING 2 lumpy yellow potions.
  8228 | D:7      | 8228 ||| DROPPING potion of flight.
  8237 | D:8      | 8237 ||| STAIRDANCE
  8257 | D:8      | 8257 ||| STAIRDANCE
  8352 | D:8      | 8352 ||| INVOKING Heroism.
  8360 | D:8      | Reached ** piety under Okawaru
  8361 | D:8      | Reached XP level 10. HP: 63/63 MP: 10/13
  8517 | D:8      | 8517 ||| Stepping ~*~*~tactically~*~*~ (hiding).
  8523 | D:8      | 8523 ||| INVOKING Heroism.
  8680 | D:8      | 8680 ||| INVOKING Heroism.
  8829 | D:8      | 8829 ||| INVOKING Heroism.
  8831 | D:8      | 8831 ||| DRINKING 5 potions of curing.
  8831 | D:8      | 8831 ||| (to cure confusion)
  8961 | D:8      | 8961 ||| DROPPING +1 flail of protection.
  9081 | D:8      | 9081 ||| INVOKING Heroism.
  9174 | D:8      | 9174 ||| SWAPPING to +5 war axe.
  9175 | D:8      | 9175 ||| DROPPING +2 war axe.
  9187 | D:8      | Noticed Maurice
  9193 | D:8      | 9193 ||| DRINKING potion of cancellation.
  9214 | D:8      | Killed Maurice
  9214 | D:8      | Reached *** piety under Okawaru
  9214 | D:8      | Received a gift from Okawaru
  9271 | D:8      | 9271 ||| Stepping ~*~*~tactically~*~*~ (stealth).
  9272 | D:8      | 9272 ||| Stepping ~*~*~tactically~*~*~ (stealth).
  9276 | D:8      | 9276 ||| INVOKING Heroism.
  9568 | D:9      | 9568 ||| INVOKING Heroism.
  9595 | D:9      | 9595 ||| Stepping ~*~*~tactically~*~*~ (stealth).
  9598 | D:9      | 9598 ||| Stepping ~*~*~tactically~*~*~ (stealth).
  9602 | D:9      | 9602 ||| INVOKING Heroism.
  9603 | D:9      | 9603 ||| Stepping ~*~*~tactically~*~*~ (stealth).
  9620 | D:9      | 9620 ||| INVOKING Heroism.
  9827 | D:9      | Reached skill level 3 in Throwing
  9947 | D:9      | 9947 ||| Stepping ~*~*~tactically~*~*~ (hiding).
  9960 | D:9      | Reached XP level 11. HP: 68/68 MP: 14/14
  9960 | D:9      | 9960 ||| Stepping ~*~*~tactically~*~*~ (stealth).
 10002 | D:9      | 10002 ||| INVOKING Heroism.
 10203 | D:9      | Found a flagged portal.
 10204 | D:9      | 10204 ||| INVOKING Heroism.
 10207 | D:9      | 10207 ||| Stepping ~*~*~tactically~*~*~ (water).
 10224 | D:9      | 10224 ||| UPGRADING to +0 kite shield.
 10234 | D:9      | 10234 ||| DROPPING +0 buckler.
 10235 | D:9      | 10235 ||| READING scroll labelled BOALAMP ZEAZA.
 10265 | D:10     | Entered Level 10 of the Dungeon
 10321 | D:10     | 10321 ||| INVOKING Heroism.
 10331 | D:10     | Reached skill level 6 in Shields
 10416 | D:10     | Reached **** piety under Okawaru
 10534 | D:10     | Received a gift from Okawaru
 10595 | D:10     | 10595 ||| INVOKING Heroism.
 10728 | D:10     | Found a portal to a secret trove of treasure.
 10808 | D:10     | 10808 ||| INVOKING Heroism.
 10846 | D:10     | 10846 ||| INVOKING Heroism.
 10913 | D:10     | 10913 ||| READING 2 scrolls labelled XIYMOUNGIA.
 11014 | D:10     | 11014 ||| DROPPING scroll of silence.
 11033 | D:11     | Noticed a two-headed ogre
 11034 | D:11     | 11034 ||| INVOKING Heroism.
 11036 | D:11     | 11036 ||| STAIRDANCE
 11044 | D:10     | Killed a two-headed ogre
 11073 | D:11     | 11073 ||| STAIRDANCE
 11078 | D:11     | 11078 ||| STAIRDANCE
 11102 | D:11     | 11102 ||| Stepping ~*~*~tactically~*~*~ (stealth).
 11103 | D:11     | 11103 ||| Stepping ~*~*~tactically~*~*~ (stealth).
 11104 | D:11     | 11104 ||| Stepping ~*~*~tactically~*~*~ (stealth).
 11221 | D:11     | 11221 ||| Stepping ~*~*~tactically~*~*~ (stealth).
 11237 | D:11     | 11237 ||| INVOKING Heroism.
 11238 | D:11     | Noticed a two-headed ogre
 11239 | D:11     | 11239 ||| Stepping ~*~*~tactically~*~*~ (stealth).
 11253 | D:11     | Killed a two-headed ogre
 11427 | D:11     | Found a staircase to the Lair.
 11430 | D:11     | Noticed a death yak
 11431 | D:11     | 11431 ||| INVOKING Heroism.
 11432 | D:11     | Noticed a two-headed ogre
 11435 | D:11     | Noticed a death yak
 11438 | D:11     | Killed a death yak
 11438 | D:11     | Noticed a death yak
 11438 | D:11     | Noticed a death yak
 11442 | D:11     | Killed a two-headed ogre
 11443 | D:11     | Reached skill level 6 in Invocations
 11448 | D:11     | 11448 ||| INVOKING Heroism.
 11457 | D:11     | Killed a death yak
 11457 | D:11     | Reached ***** piety under Okawaru
 11458 | D:11     | Reached skill level 9 in Shields
 11458 | D:11     | 11458 ||| INVOKING Finesse.
 11464 | D:11     | Killed a death yak
 11471 | D:11     | Killed a death yak
 11471 | D:11     | Received a gift from Okawaru
 11830 | D:11     | Found a staircase to the Orcish Mines.
 11978 | D:11     | Noticed a boulder beetle
 11979 | D:11     | 11979 ||| INVOKING Heroism.
 11980 | D:11     | 11980 ||| INVOKING Finesse.
 11996 | D:11     | Killed a boulder beetle
 11997 | D:11     | Reached XP level 12. HP: 56/74 MP: 10/17
 12285 | D:11     | 12285 ||| PLANNING LAIR
 12285 | D:11     | 12285 ||| READING scroll labelled DYFOIQ DORAOR.
 12325 | Lair:1   | Entered Level 1 of the Lair of Beasts
 12351 | Lair:1   | 12351 ||| INVOKING Heroism.
 12480 | Lair:1   | 12480 ||| INVOKING Heroism.
 12602 | Lair:1   | Noticed Maggie
 12612 | Lair:1   | Killed Maggie
 12613 | Lair:1   | Reached skill level 9 in Fighting
 12620 | Lair:1   | 12620 ||| Stepping ~*~*~tactically~*~*~ (stealth).
 12676 | Lair:1   | 12676 ||| SWAPPING to +2 broad axe of freezing.
 12677 | Lair:1   | 12677 ||| DROPPING +5 war axe.
 12810 | Lair:1   | Received a gift from Okawaru
 12977 | Lair:1   | 12977 ||| READING 4 scrolls of identify.
 12977 | Lair:1   | 12977 ||| IDENTIFYING black potion
 13035 | Lair:2   | 13035 ||| INVOKING Heroism.
 13042 | Lair:2   | Reached skill level 9 in Invocations
 13054 | Lair:2   | 13054 ||| Stepping ~*~*~tactically~*~*~ (stealth).
 13056 | Lair:2   | 13056 ||| Stepping ~*~*~tactically~*~*~ (stealth).
 13071 | Lair:2   | 13071 ||| INVOKING Heroism.
 13080 | Lair:2   | Reached skill level 8 in Armour
 13557 | Lair:2   | 13557 ||| INVOKING Heroism.
 13621 | Lair:2   | 13621 ||| Stepping ~*~*~tactically~*~*~ (stealth).
 13623 | Lair:2   | 13623 ||| INVOKING Heroism.
 13972 | Lair:3   | Noticed a death yak
 13972 | Lair:3   | Noticed a death yak
 13972 | Lair:3   | Noticed a death yak
 13973 | Lair:3   | 13973 ||| Stepping ~*~*~tactically~*~*~ (stealth).
 13974 | Lair:3   | 13974 ||| INVOKING Heroism.
 13976 | Lair:3   | 13976 ||| INVOKING Finesse.
 13978 | Lair:3   | 13978 ||| Stepping ~*~*~tactically~*~*~ (stealth).
 13980 | Lair:3   | Noticed a death yak
 13982 | Lair:3   | Noticed a death yak
 13985 | Lair:3   | Killed a death yak
 13994 | Lair:3   | Killed a death yak
 14004 | Lair:3   | Killed a death yak
 14012 | Lair:3   | Killed a death yak
 14012 | Lair:3   | Reached ****** piety under Okawaru
 14013 | Lair:3   | Reached skill level 12 in Axes
 14019 | Lair:3   | HP: 15/76 [death yak (16)]
 14020 | Lair:3   | 14020 ||| READING 3 scrolls of teleportation.
 14021 | Lair:3   | 14021 ||| DRINKING 3 potions of heal wounds.
 14275 | Lair:3   | Received a gift from Okawaru
 14290 | Lair:3   | 14290 ||| READING scroll of enchant armour.
 14290 | Lair:3   | 14290 ||| ENCHANTING +0 cloak.
 14448 | Lair:3   | 14448 ||| READING scroll of enchant armour.
 14448 | Lair:3   | 14448 ||| ENCHANTING +1 cloak.
 14502 | Lair:3   | Found a staircase to the Shoals.
 14556 | Lair:3   | Found a staircase to the Snake Pit.
 14563 | Lair:3   | Noticed a five-headed hydra
 14564 | Lair:3   | 14564 ||| INVOKING Heroism.
 14565 | Lair:3   | 14565 ||| INVOKING Finesse.
 14570 | Lair:3   | 14570 ||| SWAPPING to +0 morningstar.
 14572 | Lair:3   | 14572 ||| Stepping ~*~*~tactically~*~*~ (outnumbered).
 14574 | Lair:3   | Reached XP level 13. HP: 80/80 MP: 13/20
 14575 | Lair:3   | 14575 ||| Stepping ~*~*~tactically~*~*~ (outnumbered).
 14576 | Lair:3   | 14576 ||| SWAPPING to +2 broad axe of freezing.
 14581 | Lair:3   | 14581 ||| SWAPPING to +0 morningstar.
 14587 | Lair:3   | 14587 ||| Stepping ~*~*~tactically~*~*~ (outnumbered).
 14588 | Lair:3   | 14588 ||| Stepping ~*~*~tactically~*~*~ (outnumbered).
 14590 | Lair:3   | 14590 ||| Stepping ~*~*~tactically~*~*~ (outnumbered).
 14597 | Lair:3   | Identified the +10 executioner's axe of Resourcefulness
                  | {vorpal, Fly rElec rF++ Dex-3} (Okawaru gifted it to you on
                  | level 3 of the Lair of Beasts)
 14597 | Lair:3   | Received a gift from Okawaru
 14598 | Lair:3   | 14598 ||| SWAPPING to +2 broad axe of freezing.
 14608 | Lair:3   | Reached skill level 9 in Armour
 14770 | Lair:3   | 14770 ||| INVOKING Heroism.
 14932 | Lair:3   | 14932 ||| Stepping ~*~*~tactically~*~*~ (stealth).
 14934 | Lair:3   | 14934 ||| Stepping ~*~*~tactically~*~*~ (stealth).
 14936 | Lair:3   | 14936 ||| INVOKING Heroism.
 15011 | Lair:3   | 15011 ||| Stepping ~*~*~tactically~*~*~ (stealth).
 15012 | Lair:3   | 15012 ||| Stepping ~*~*~tactically~*~*~ (stealth).
 15013 | Lair:3   | 15013 ||| Stepping ~*~*~tactically~*~*~ (stealth).
 15135 | Lair:3   | 15135 ||| INVOKING Heroism.
 15136 | Lair:3   | 15136 ||| INVOKING Finesse.
 15457 | Lair:3   | 15457 ||| UPGRADING to +4 ring of protection.
 15485 | Lair:4   | 15485 ||| INVOKING Heroism.
 15486 | Lair:4   | 15486 ||| INVOKING Finesse.
 15491 | Lair:4   | 15491 ||| SWAPPING to +0 morningstar.
 15498 | Lair:4   | 15498 ||| SWAPPING to +2 broad axe of freezing.
 15675 | Lair:4   | 15675 ||| INVOKING Heroism.
 15707 | Lair:4   | 15707 ||| INVOKING Finesse.
 15830 | Lair:4   | Identified the +0 leather armour of Sif Muna's Envy {rPois
                  | rCorr Str-3 Slay+2}
 16323 | Lair:4   | 16323 ||| DROPPING amulet of regeneration.
 16324 | Lair:4   | 16324 ||| UPGRADING to +6 ring of dexterity.
 16325 | Lair:4   | 16325 ||| READING scroll labelled TAITOANKYPS.
 16326 | Lair:4   | 16326 ||| DROPPING +0 morningstar.
 16327 | Lair:4   | 16327 ||| READING scroll labelled IZAICK MEEMME.
 16328 | Lair:4   | 16328 ||| READING 8 scrolls of identify.
 16328 | Lair:4   | 16328 ||| IDENTIFYING golden potion
 16329 | Lair:4   | 16329 ||| READING 7 scrolls of identify.
 16329 | Lair:4   | 16329 ||| IDENTIFYING sapphire potion
 16360 | Lair:5   | Entered Level 5 of the Lair of Beasts
 16361 | Lair:5   | 16361 ||| STAIRDANCE
 16370 | Lair:5   | 16370 ||| STAIRDANCE
 16410 | Lair:5   | 16410 ||| INVOKING Heroism.
 16417 | Lair:5   | Reached skill level 3 in Dodging
 16557 | Lair:5   | Found a staircase to the Slime Pits.
 16558 | Lair:5   | Found a viscous altar of Jiyva.
 16563 | Lair:5   | 16563 ||| Stepping ~*~*~tactically~*~*~ (stealth).
 16570 | Lair:5   | 16570 ||| Stepping ~*~*~tactically~*~*~ (stealth).
 16571 | Lair:5   | 16571 ||| Stepping ~*~*~tactically~*~*~ (stealth).
 16578 | Lair:5   | 16578 ||| Stepping ~*~*~tactically~*~*~ (stealth).
 16579 | Lair:5   | 16579 ||| INVOKING Heroism.
 16725 | Lair:5   | 16725 ||| Stepping ~*~*~tactically~*~*~ (stealth).
 16726 | Lair:5   | 16726 ||| Stepping ~*~*~tactically~*~*~ (stealth).
 16802 | Lair:5   | 16802 ||| INVOKING Heroism.
 16810 | Lair:5   | Received a gift from Okawaru
 16827 | Lair:5   | Identified the +1 ring mail of Ludet {Int+3} (Okawaru
                  | gifted it to you on level 5 of the Lair of Beasts)
 16827 | Lair:5   | Received a gift from Okawaru
 16871 | Lair:5   | 16871 ||| INVOKING Heroism.
 16891 | Lair:5   | 16891 ||| INVOKING Finesse.
 16936 | Lair:5   | Gained mutation: Your large and strong wings let you fly.
                  | [Gargoyle growth]
 16936 | Lair:5   | Reached XP level 14. HP: 56/88 MP: 19/21
 17029 | Lair:5   | 17029 ||| Stepping ~*~*~tactically~*~*~ (stealth).
 17334 | Lair:5   | 17334 ||| READING scroll of enchant armour.
 17334 | Lair:5   | 17334 ||| ENCHANTING +0 plate armour.
 17601 | Lair:5   | 17601 ||| Stepping ~*~*~tactically~*~*~ (stealth).
 17602 | Lair:5   | 17602 ||| INVOKING Heroism.
 17937 | Lair:5   | 17937 ||| PLANNING D
 17937 | Lair:5   | 17937 ||| READING 7 scrolls of identify.
 17937 | Lair:5   | 17937 ||| IDENTIFYING metallic inky potion
 17938 | Lair:5   | 17938 ||| DROPPING potion of berserk rage.
 18118 | D:12     | 18118 ||| INVOKING Heroism.
 18186 | D:12     | 18186 ||| FLEEEEING.
 18187 | D:12     | 18187 ||| FLEEEEING.
 18267 | D:12     | 18267 ||| Stepping ~*~*~tactically~*~*~ (hiding).
 18337 | D:12     | 18337 ||| INVOKING Heroism.
 18560 | D:12     | 18560 ||| INVOKING Heroism.
 18569 | D:12     | 18569 ||| READING 3 scrolls of teleportation.
 18651 | D:12     | Noticed Erolcha
 18652 | D:12     | 18652 ||| INVOKING Heroism.
 18653 | D:12     | 18653 ||| INVOKING Finesse.
 18662 | D:12     | Reached skill level 10 in Armour
 18666 | D:12     | Killed Erolcha
 18666 | D:12     | Received a gift from Okawaru
 18915 | D:12     | 18915 ||| UPGRADING to +0 pair of gloves of stealth.
 18935 | D:12     | 18935 ||| INVOKING Heroism.
 19056 | D:12     | 19056 ||| READING 2 scrolls of teleportation.
 19076 | D:12     | 19076 ||| INVOKING Heroism.
 19333 | D:12     | 19333 ||| READING scroll of teleportation.
 19388 | D:12     | 19388 ||| Stepping randomly (stuck).
 19481 | D:13     | 19481 ||| INVOKING Heroism.
 19482 | D:13     | 19482 ||| INVOKING Finesse.
 19496 | D:13     | Reached skill level 12 in Shields
 19684 | D:13     | 19684 ||| INVOKING Heroism.
 19685 | D:13     | 19685 ||| INVOKING Finesse.
 20096 | D:13     | Noticed Lodul
 20097 | D:13     | 20097 ||| Stepping ~*~*~tactically~*~*~ (stealth).
 20099 | D:13     | 20099 ||| Stepping ~*~*~tactically~*~*~ (stealth).
 20107 | D:13     | 20107 ||| INVOKING Heroism.
 20113 | D:13     | Killed Lodul
 20258 | D:14     | 20258 ||| STAIRDANCE
 20375 | D:14     | 20375 ||| Stepping ~*~*~tactically~*~*~ (hiding).
 20526 | D:14     | 20526 ||| INVOKING Heroism.
 20538 | D:14     | Reached skill level 6 in Throwing
 20597 | D:14     | Noticed Agnes
 20598 | D:14     | 20598 ||| INVOKING Heroism.
 20599 | D:14     | 20599 ||| INVOKING Finesse.
 20612 | D:14     | Killed Agnes
 20683 | D:14     | 20683 ||| INVOKING Heroism.
 20711 | D:14     | 20711 ||| INVOKING Heroism.
 20870 | D:14     | Noticed Josephine
 20872 | D:14     | 20872 ||| INVOKING Heroism.
 20881 | D:14     | Killed Josephine
 20916 | D:14     | Found a gate to the Vaults.
 20992 | D:14     | Found a hazy altar of Hepliaklqana.
 21113 | D:14     | 21113 ||| READING 2 scrolls labelled FOAMOU QUUJAZ.
 21114 | D:14     | 21114 ||| DROPPING scroll of amnesia.
 21120 | D:15     | Entered Level 15 of the Dungeon
 21136 | D:15     | 21136 ||| Stepping ~*~*~tactically~*~*~ (stealth).
 21137 | D:15     | 21137 ||| Stepping ~*~*~tactically~*~*~ (stealth).
 21141 | D:15     | 21141 ||| INVOKING Heroism.
 21152 | D:15     | Reached skill level 15 in Axes
 21228 | D:15     | 21228 ||| INVOKING Heroism.
 21229 | D:15     | 21229 ||| Stepping ~*~*~tactically~*~*~ (stealth).
 21234 | D:15     | Reached XP level 15. HP: 88/94 MP: 19/22
 21247 | D:15     | Reached skill level 11 in Armour
 21448 | D:15     | 21448 ||| Stepping ~*~*~tactically~*~*~ (hiding).
 21457 | D:15     | 21457 ||| INVOKING Heroism.
 21776 | D:15     | Identified the +0 great sword "Rellem Wokk" {vorpal, Str+5
                  | Int+7} (Okawaru gifted it to you on level 15 of the
                  | Dungeon)
 21776 | D:15     | Received a gift from Okawaru
 21783 | D:15     | Noticed a frost giant
 21784 | D:15     | 21784 ||| INVOKING Heroism.
 21785 | D:15     | 21785 ||| INVOKING Finesse.
 21794 | D:15     | Killed a frost giant
 21853 | D:15     | Found a staircase to the Depths.
 22355 | D:15     | 22355 ||| PLANNING ORC
 22498 | Orc:1    | Entered Level 1 of the Orcish Mines
 22499 | Orc:1    | 22499 ||| INVOKING Heroism.
 22613 | Orc:1    | 22613 ||| Stepping ~*~*~tactically~*~*~ (stealth).
 22617 | Orc:1    | 22617 ||| Stepping ~*~*~tactically~*~*~ (hiding).
 22619 | Orc:1    | 22619 ||| Stepping ~*~*~tactically~*~*~ (hiding).
 22627 | Orc:1    | 22627 ||| Stepping ~*~*~tactically~*~*~ (stealth).
 22628 | Orc:1    | 22628 ||| Stepping ~*~*~tactically~*~*~ (stealth).
 22629 | Orc:1    | 22629 ||| Stepping ~*~*~tactically~*~*~ (stealth).
 22630 | Orc:1    | 22630 ||| Stepping ~*~*~tactically~*~*~ (hiding).
 22792 | Orc:1    | 22792 ||| Stepping ~*~*~tactically~*~*~ (hiding).
 22806 | Orc:1    | 22806 ||| DRINKING 9 potions of curing.
 22806 | Orc:1    | 22806 ||| (to cure confusion)
 22807 | Orc:1    | 22807 ||| DRINKING 8 potions of curing.
 22807 | Orc:1    | 22807 ||| (to cure confusion)
 22889 | Orc:2    | Entered Level 2 of the Orcish Mines
 22900 | Orc:2    | 22900 ||| INVOKING Heroism.
 22916 | Orc:2    | Reached skill level 12 in Fighting
 22928 | Orc:2    | HP: 18/96 [two-headed ogre/+0 giant club (18)]
 22929 | Orc:2    | 22929 ||| READING 3 scrolls of teleportation.
 22930 | Orc:2    | 22930 ||| DRINKING 5 potions of heal wounds.
 22951 | Orc:2    | 22951 ||| FLEEEEING.
 22953 | Orc:2    | 22953 ||| INVOKING Heroism.
 22955 | Orc:2    | Paralysed by an orc sorcerer for 3 turns
 22987 | Orc:2    | 22987 ||| FLEEEEING.
 22988 | Orc:2    | 22988 ||| FLEEEEING.
 22989 | Orc:2    | 22989 ||| FLEEEEING.
 22990 | Orc:2    | 22990 ||| STAIRDANCE
 23219 | Orc:2    | 23219 ||| INVOKING Heroism.
 23265 | Orc:2    | 23265 ||| Stepping ~*~*~tactically~*~*~ (stealth).
 23272 | Orc:2    | 23272 ||| Stepping ~*~*~tactically~*~*~ (stealth).
 23274 | Orc:2    | 23274 ||| Stepping ~*~*~tactically~*~*~ (hiding).
 23277 | Orc:2    | 23277 ||| Stepping ~*~*~tactically~*~*~ (hiding).
 23327 | Orc:2    | 23327 ||| Stepping ~*~*~tactically~*~*~ (hiding).
 23328 | Orc:2    | 23328 ||| INVOKING Heroism.
 23333 | Orc:2    | Received a gift from Okawaru
 23359 | Orc:2    | 23359 ||| FLEEEEING.
 23381 | Orc:2    | 23381 ||| Stepping ~*~*~tactically~*~*~ (stealth).
 23382 | Orc:2    | 23382 ||| Stepping ~*~*~tactically~*~*~ (stealth).
 23383 | Orc:2    | 23383 ||| Stepping ~*~*~tactically~*~*~ (stealth).
 23384 | Orc:2    | 23384 ||| Stepping ~*~*~tactically~*~*~ (stealth).
 23385 | Orc:2    | 23385 ||| Stepping ~*~*~tactically~*~*~ (stealth).
 23395 | Orc:2    | 23395 ||| Stepping ~*~*~tactically~*~*~ (stealth).
 23420 | Orc:2    | 23420 ||| INVOKING Heroism.
 23550 | Orc:2    | Found Kakh's Antique Weapon Shop.
 23557 | Orc:2    | Found Qoudd's Weapon Shop.
 23558 | Orc:2    | Found Tyqoan's Armour Emporium.
 23560 | Orc:2    | 23560 ||| BUYING twisted war axe (289 gold).
 23560 | Orc:2    | Bought a twisted war axe for 289 gold pieces
 23560 | Orc:2    | Identified the +3 war axe "Qech" {protect, Int+5} (You
                  | bought it in a shop on level 2 of the Orcish Mines)
 23560 | Orc:2    | 23560 ||| DROPPING +3 war axe "Qech" {protect, Int+5}.
 23566 | Orc:2    | 23566 ||| BUYING +11 broad axe "Bulyeph" {holy, Will+ Dex+2
                  | Stlth+} (1145 gold).
 23566 | Orc:2    | Bought the +11 broad axe "Bulyeph" {holy, Will+ Dex+2
                  | Stlth+} for 1145 gold pieces
 23566 | Orc:2    | 23566 ||| SWAPPING to +11 broad axe "Bulyeph" {holy, Will+
                  | Dex+2 Stlth+}.
 23570 | Orc:2    | Found Murri's Antique Armour Boutique.
 23578 | Orc:2    | 23578 ||| BUYING masterwork plate armour (588 gold).
 23578 | Orc:2    | Bought a masterwork plate armour for 588 gold pieces
 23578 | Orc:2    | Identified the +1 plate armour of Qazlal, Thieving {+Blink
                  | rPois rF- rC-} (You bought it in a shop on level 2 of the
                  | Orcish Mines)
 23619 | Orc:2    | Found a staircase to the Elven Halls.
 23664 | Orc:2    | 23664 ||| INVOKING Heroism.
 23700 | Orc:2    | 23700 ||| Stepping ~*~*~tactically~*~*~ (stealth).
 23702 | Orc:2    | 23702 ||| INVOKING Heroism.
 23707 | Orc:2    | 23707 ||| Stepping ~*~*~tactically~*~*~ (hiding).
 23722 | Orc:2    | HP: 6/96 [ice dragon/blast of cold (57)]
 23723 | Orc:2    | 23723 ||| READING 2 scrolls of teleportation.
 23724 | Orc:2    | 23724 ||| DRINKING 4 potions of heal wounds.
 24136 | Orc:2    | 24136 ||| Stepping ~*~*~tactically~*~*~ (hiding).
 24142 | Orc:2    | 24142 ||| INVOKING Heroism.
 24376 | Orc:2    | 24376 ||| DROPPING +1 plate armour of Qazlal, Thieving
                  | {+Blink rPois rF- rC-}.
 24410 | Orc:1    | 24410 ||| INVOKING Heroism.
 24628 | Orc:1    | 24628 ||| PLANNING SHOALS:1-3
 24768 | Shoals:1 | Entered Level 1 of the Shoals
 24769 | Shoals:1 | 24769 ||| INVOKING Heroism.
 24821 | Shoals:1 | 24821 ||| INVOKING Heroism.
 25032 | Shoals:1 | 25032 ||| INVOKING Heroism.
 25266 | Shoals:1 | 25266 ||| INVOKING Heroism.
 25277 | Shoals:1 | Identified the +11 gold dragon scales of Fortitude {Rampage
                  | rPois rF+ rC+ rN++ Str-5 Stlth+} (Okawaru gifted it to you
                  | on level 1 of the Shoals)
 25277 | Shoals:1 | Received a gift from Okawaru
 25314 | Shoals:1 | 25314 ||| READING scroll of enchant armour.
 25314 | Shoals:1 | 25314 ||| ENCHANTING +0 pair of gloves of stealth.
 25350 | Shoals:1 | 25350 ||| INVOKING Heroism.
 25419 | Shoals:1 | 25419 ||| INVOKING Heroism.
 25871 | Shoals:1 | 25871 ||| INVOKING Heroism.
 25966 | Shoals:1 | 25966 ||| INVOKING Heroism.
 25967 | Shoals:1 | 25967 ||| INVOKING Finesse.
 26120 | Shoals:1 | 26120 ||| UPGRADING to +11 gold dragon scales of Fortitude
                  | {Rampage rPois rF+ rC+ rN++ Str-5 Stlth+}.
 26130 | Shoals:1 | 26130 ||| DROPPING +1 plate armour.
 26369 | Shoals:2 | 26369 ||| INVOKING Heroism.
 26377 | Shoals:2 | Reached skill level 12 in Armour
 26501 | Shoals:2 | 26501 ||| Stepping ~*~*~tactically~*~*~ (hiding).
 26502 | Shoals:2 | 26502 ||| Stepping ~*~*~tactically~*~*~ (hiding).
 26503 | Shoals:2 | 26503 ||| Stepping ~*~*~tactically~*~*~ (hiding).
 26510 | Shoals:2 | Reached XP level 16. HP: 81/101 MP: 23/23
 26602 | Shoals:2 | 26602 ||| INVOKING Heroism.
 26603 | Shoals:2 | 26603 ||| INVOKING Finesse.
 26940 | Shoals:2 | 26940 ||| Stepping ~*~*~tactically~*~*~ (hiding).
 26942 | Shoals:2 | 26942 ||| Stepping ~*~*~tactically~*~*~ (hiding).
 27351 | Shoals:2 | 27351 ||| UPGRADING to +0 pair of boots.
 27425 | Shoals:3 | 27425 ||| Stepping ~*~*~tactically~*~*~ (hiding).
 27563 | Shoals:3 | Found a transporter.
 27565 | Shoals:3 | Found a transporter.
 27570 | Shoals:3 | Found the +8 trishula "Condemnation" {holy, anguish, *Noise
                  | Fly rN+}
 27571 | Shoals:3 | Noticed a kraken
 27588 | Shoals:3 | 27588 ||| INVOKING Heroism.
 27599 | Shoals:3 | Reached skill level 13 in Armour
 27741 | Shoals:3 | 27741 ||| INVOKING Heroism.
 27742 | Shoals:3 | 27742 ||| Stepping ~*~*~tactically~*~*~ (hiding).
 27743 | Shoals:3 | 27743 ||| Stepping ~*~*~tactically~*~*~ (hiding).
 27938 | Shoals:3 | 27938 ||| INVOKING Heroism.
 27939 | Shoals:3 | 27939 ||| INVOKING Finesse.
 27996 | Shoals:3 | 27996 ||| Stepping ~*~*~tactically~*~*~ (hiding).
 28001 | Shoals:3 | 28001 ||| INVOKING Heroism.
 28141 | Shoals:3 | Noticed a kraken
 28143 | Shoals:3 | 28143 ||| INVOKING Heroism.
 28149 | Shoals:3 | Killed a kraken
 28150 | Shoals:3 | Reached skill level 14 in Armour
 28209 | Shoals:3 | Noticed a kraken
 28211 | Shoals:3 | 28211 ||| INVOKING Heroism.
 28217 | Shoals:3 | Killed a kraken
 28479 | Shoals:3 | 28479 ||| PLANNING SNAKE:1-3
 28572 | Snake:1  | Entered Level 1 of the Snake Pit
 28659 | Snake:1  | Found Ikyi's Jewellery Boutique.
 28668 | Snake:1  | 28668 ||| BUYING +4 ring of protection (504 gold).
 28668 | Snake:1  | Bought a +4 ring of protection for 504 gold pieces
 28668 | Snake:1  | 28668 ||| BUYING ring of fire (350 gold).
 28668 | Snake:1  | Bought a ring of fire for 350 gold pieces
 28669 | Snake:1  | 28669 ||| Stepping ~*~*~tactically~*~*~ (hiding).
 28670 | Snake:1  | 28670 ||| Stepping ~*~*~tactically~*~*~ (hiding).
 28925 | Snake:1  | 28925 ||| Stepping ~*~*~tactically~*~*~ (hiding).
 28926 | Snake:1  | 28926 ||| Stepping ~*~*~tactically~*~*~ (hiding).
 28929 | Snake:1  | 28929 ||| Stepping ~*~*~tactically~*~*~ (hiding).
 28930 | Snake:1  | 28930 ||| Stepping ~*~*~tactically~*~*~ (hiding).
 28941 | Snake:1  | Received a gift from Okawaru
 28991 | Snake:1  | Found Ujari's Tremendous Tomes.
 29126 | Snake:1  | Found a runed translucent gate.
 29127 | Snake:1  | Found a runed translucent gate.
 29131 | Snake:1  | 29131 ||| Stepping ~*~*~tactically~*~*~ (hiding).
 29131 | Snake:1  | Found a runed translucent gate.
 29169 | Snake:1  | Noticed Elinuc's ghost (adept DEHW)
 29201 | Snake:1  | 29201 ||| Stepping ~*~*~tactically~*~*~ (hiding).
 29207 | Snake:1  | 29207 ||| Stepping ~*~*~tactically~*~*~ (hiding).
 29226 | Snake:1  | 29226 ||| INVOKING Heroism.
 29251 | Snake:1  | Found Deri's Book Shop.
 29258 | Snake:1  | Received a gift from Okawaru
 29259 | Snake:1  | Reached skill level 15 in Armour
 29623 | Snake:1  | Found Liucaud's Weapon Shop.
 29649 | Snake:1  | 29649 ||| Stepping ~*~*~tactically~*~*~ (hiding).
 29650 | Snake:1  | 29650 ||| INVOKING Heroism.
 30103 | Snake:1  | 30103 ||| UPGRADING to +4 ring of protection.
 30105 | Snake:1  | 30105 ||| DROPPING +6 ring of dexterity.
 30150 | Snake:2  | 30150 ||| Stepping ~*~*~tactically~*~*~ (hiding).
 30153 | Snake:2  | 30153 ||| INVOKING Heroism.
 30161 | Snake:2  | Received a gift from Okawaru
 30332 | Snake:2  | 30332 ||| INVOKING Heroism.
 30339 | Snake:2  | Received a gift from Okawaru
 30602 | Snake:2  | 30602 ||| INVOKING Heroism.
 30614 | Snake:2  | Received a gift from Okawaru
 31099 | Snake:2  | Found Naohoag's Jewellery Emporium.
 31102 | Snake:2  | Found Kiutim's Book Boutique.
 31103 | Snake:2  | Found Lyli's Jewellery Emporium.
 31109 | Snake:2  | 31109 ||| BUYING ring of protection from fire (275 gold).
 31109 | Snake:2  | Bought a ring of protection from fire for 275 gold pieces
 31123 | Snake:2  | 31123 ||| DROPPING ring of fire.
 31140 | Snake:3  | 31140 ||| Stepping ~*~*~tactically~*~*~ (hiding).
 31145 | Snake:3  | 31145 ||| INVOKING Heroism.
 31157 | Snake:3  | Received a gift from Okawaru
 31256 | Snake:3  | 31256 ||| DROPPING +4 broad axe of venom.
 31291 | Snake:3  | 31291 ||| INVOKING Heroism.
 31447 | Snake:3  | Reached XP level 17. HP: 105/106 MP: 24/24
 31596 | Snake:3  | 31596 ||| INVOKING Heroism.
 31665 | Snake:3  | 31665 ||| Stepping ~*~*~tactically~*~*~ (hiding).
 31666 | Snake:3  | 31666 ||| Stepping ~*~*~tactically~*~*~ (hiding).
 31673 | Snake:3  | 31673 ||| INVOKING Heroism.
 31773 | Snake:3  | Noticed qw's ghost (adept MiBe)
 31787 | Snake:3  | Found a transporter.
 31866 | Snake:3  | Identified the +3 hand axe of the Quiescent God {vorpal,
                  | rC+}
 31919 | Snake:3  | 31919 ||| INVOKING Heroism.
 32016 | Snake:3  | Found a transporter.
 32226 | Snake:3  | 32226 ||| PLANNING SHOALS:4
 32365 | Shoals:4 | Entered Level 4 of the Shoals
 32405 | Shoals:4 | 32405 ||| INVOKING Heroism.
 32557 | Shoals:4 | 32557 ||| INVOKING Heroism.
 32559 | Shoals:4 | Paralysed by an air elemental for 1 turns
 32869 | Shoals:4 | Paralysed by an air elemental for 1 turns
 32871 | Shoals:4 | 32871 ||| INVOKING Heroism.
 32871 | Shoals:4 | Paralysed by an air elemental for 1 turns
 32877 | Shoals:4 | Received a gift from Okawaru
 32885 | Shoals:4 | 32885 ||| INVOKING Finesse.
 32888 | Shoals:4 | 32888 ||| Stepping ~*~*~tactically~*~*~ (hiding).
 32890 | Shoals:4 | 32890 ||| Stepping ~*~*~tactically~*~*~ (hiding).
 32899 | Shoals:4 | Paralysed by an air elemental for 1 turns
 33186 | Shoals:4 | 33186 ||| Stepping ~*~*~tactically~*~*~ (stealth).
 33188 | Shoals:4 | 33188 ||| Stepping ~*~*~tactically~*~*~ (hiding).
 33253 | Shoals:4 | 33253 ||| Stepping ~*~*~tactically~*~*~ (hiding).
 33266 | Shoals:4 | 33266 ||| Stepping ~*~*~tactically~*~*~ (stealth).
 33267 | Shoals:4 | 33267 ||| Stepping ~*~*~tactically~*~*~ (stealth).
 33269 | Shoals:4 | 33269 ||| Stepping ~*~*~tactically~*~*~ (stealth).
 33271 | Shoals:4 | 33271 ||| Stepping ~*~*~tactically~*~*~ (stealth).
 33317 | Shoals:4 | 33317 ||| Stepping ~*~*~tactically~*~*~ (hiding).
 33318 | Shoals:4 | 33318 ||| INVOKING Heroism.
 33334 | Shoals:4 | Identified the +6 chain mail of Okawaru's Esteem {rElec rC-
                  | Str+3} (Okawaru gifted it to you on level 4 of the Shoals)
 33334 | Shoals:4 | Received a gift from Okawaru
 33336 | Shoals:4 | Reached skill level 18 in Axes
 33336 | Shoals:4 | HP: 20/108 [merfolk/+0 glaive[a merfolk impaler] (14)]
 33337 | Shoals:4 | 33337 ||| READING 4 scrolls of teleportation.
 33338 | Shoals:4 | 33338 ||| DRINKING 6 potions of heal wounds.
 33341 | Shoals:4 | HP: 1/108 [merfolk aquamancer/shard of ice (37)]
 33342 | Shoals:4 | 33342 ||| DRINKING 5 potions of heal wounds.
 33642 | Shoals:4 | 33642 ||| INVOKING Heroism.
 33672 | Shoals:4 | Paralysed by an air elemental for 1 turns
 33703 | Shoals:4 | 33703 ||| Stepping ~*~*~tactically~*~*~ (stealth).
 33707 | Shoals:4 | 33707 ||| Stepping ~*~*~tactically~*~*~ (stealth).
 33712 | Shoals:4 | 33712 ||| Stepping ~*~*~tactically~*~*~ (stealth).
 33733 | Shoals:4 | 33733 ||| Stepping ~*~*~tactically~*~*~ (hiding).
 33736 | Shoals:4 | 33736 ||| INVOKING Heroism.
 33737 | Shoals:4 | 33737 ||| INVOKING Finesse.
 33751 | Shoals:4 | 33751 ||| Stepping ~*~*~tactically~*~*~ (stealth).
 33779 | Shoals:4 | 33779 ||| Stepping ~*~*~tactically~*~*~ (hiding).
 33799 | Shoals:4 | 33799 ||| Stepping ~*~*~tactically~*~*~ (stealth).
 33801 | Shoals:4 | 33801 ||| Stepping ~*~*~tactically~*~*~ (stealth).
 33807 | Shoals:4 | 33807 ||| Stepping ~*~*~tactically~*~*~ (stealth).
 33812 | Shoals:4 | 33812 ||| Stepping ~*~*~tactically~*~*~ (stealth).
 33814 | Shoals:4 | 33814 ||| Stepping ~*~*~tactically~*~*~ (hiding).
 33824 | Shoals:4 | 33824 ||| INVOKING Heroism.
 33851 | Shoals:4 | 33851 ||| Stepping ~*~*~tactically~*~*~ (stealth).
 33875 | Shoals:4 | 33875 ||| FLEEEEING.
 33980 | Shoals:4 | Got a barnacled rune of Zot
 34012 | Shoals:4 | 34012 ||| INVOKING Heroism.
 34014 | Shoals:4 | 34014 ||| Stepping ~*~*~tactically~*~*~ (hiding).
 34016 | Shoals:4 | 34016 ||| INVOKING Finesse.
 34073 | Shoals:4 | 34073 ||| INVOKING Heroism.
 34081 | Shoals:4 | Reached skill level 16 in Armour
 34275 | Shoals:4 | 34275 ||| Stepping ~*~*~tactically~*~*~ (stealth).
 34324 | Shoals:4 | 34324 ||| Stepping ~*~*~tactically~*~*~ (stealth).
 34325 | Shoals:4 | 34325 ||| Stepping ~*~*~tactically~*~*~ (stealth).
 34330 | Shoals:4 | 34330 ||| Stepping ~*~*~tactically~*~*~ (stealth).
 34331 | Shoals:4 | 34331 ||| Stepping ~*~*~tactically~*~*~ (stealth).
 34334 | Shoals:4 | 34334 ||| Stepping ~*~*~tactically~*~*~ (stealth).
 34335 | Shoals:4 | 34335 ||| Stepping ~*~*~tactically~*~*~ (stealth).
 34345 | Shoals:4 | 34345 ||| Stepping ~*~*~tactically~*~*~ (hiding).
 34347 | Shoals:4 | 34347 ||| Stepping ~*~*~tactically~*~*~ (hiding).
 34348 | Shoals:4 | 34348 ||| Stepping ~*~*~tactically~*~*~ (hiding).
 34350 | Shoals:4 | 34350 ||| INVOKING Heroism.
 34371 | Shoals:4 | 34371 ||| Stepping ~*~*~tactically~*~*~ (stealth).
 34439 | Shoals:4 | 34439 ||| INVOKING Heroism.
 34462 | Shoals:4 | Found a radiant altar of Vehumet.
 34648 | Shoals:4 | 34648 ||| PLANNING VAULTS:1-4
 34929 | Vaults:1 | Entered Level 1 of the Vaults
 34930 | Vaults:1 | 34930 ||| INVOKING Heroism.
 34949 | Vaults:1 | 34949 ||| READING 3 scrolls of teleportation.
 34950 | Vaults:1 | 34950 ||| INVOKING Heroism.
 34981 | Vaults:1 | 34981 ||| INVOKING Heroism.
 34999 | Vaults:1 | 34999 ||| Stepping ~*~*~tactically~*~*~ (hiding).
 35361 | Vaults:1 | 35361 ||| Stepping ~*~*~tactically~*~*~ (hiding).
 35369 | Vaults:1 | 35369 ||| INVOKING Heroism.
 35381 | Vaults:1 | Received a gift from Okawaru
 35528 | Vaults:1 | 35528 ||| Stepping ~*~*~tactically~*~*~ (hiding).
 35528 | Vaults:1 | Noticed a sphinx
 35536 | Vaults:1 | Killed a sphinx
 35579 | Vaults:1 | Identified the +0 hand axe "Oragor" {venom, rN+ Str+2
                  | Dex+2}
 35633 | Vaults:1 | Received a gift from Okawaru
 35665 | Vaults:1 | Reached XP level 18. HP: 116/116 MP: 25/25
 35804 | Vaults:1 | 35804 ||| DROPPING +2 broad axe of flaming.
 35910 | Vaults:1 | 35910 ||| Stepping ~*~*~tactically~*~*~ (stealth).
 35911 | Vaults:1 | 35911 ||| Stepping ~*~*~tactically~*~*~ (stealth).
 35912 | Vaults:1 | 35912 ||| Stepping ~*~*~tactically~*~*~ (stealth).
 35913 | Vaults:1 | 35913 ||| Stepping ~*~*~tactically~*~*~ (stealth).
 36056 | Vaults:1 | Received a gift from Okawaru
 36057 | Vaults:1 | 36057 ||| INVOKING Heroism.
 36228 | Vaults:1 | 36228 ||| INVOKING Heroism.
 36303 | Vaults:1 | 36303 ||| INVOKING Heroism.
 36310 | Vaults:1 | 36310 ||| Stepping ~*~*~tactically~*~*~ (stealth).
 36530 | Vaults:1 | 36530 ||| INVOKING Heroism.
 36824 | Vaults:1 | 36824 ||| INVOKING Heroism.
 36965 | Vaults:2 | 36965 ||| STAIRDANCE
 37021 | Vaults:2 | 37021 ||| INVOKING Heroism.
 37153 | Vaults:2 | 37153 ||| FLEEEEING.
 37155 | Vaults:2 | 37155 ||| FLEEEEING.
 37156 | Vaults:2 | 37156 ||| FLEEEEING.
 37157 | Vaults:2 | 37157 ||| FLEEEEING.
 37158 | Vaults:2 | 37158 ||| STAIRDANCE
 37266 | Vaults:2 | 37266 ||| STAIRDANCE
 37400 | Vaults:2 | 37400 ||| Stepping ~*~*~tactically~*~*~ (hiding).
 37408 | Vaults:2 | 37408 ||| Stepping ~*~*~tactically~*~*~ (hiding).
 37411 | Vaults:2 | 37411 ||| Stepping ~*~*~tactically~*~*~ (hiding).
 37412 | Vaults:2 | 37412 ||| Stepping ~*~*~tactically~*~*~ (hiding).
 37423 | Vaults:2 | Reached skill level 17 in Armour
 37609 | Vaults:2 | 37609 ||| Stepping ~*~*~tactically~*~*~ (hiding).
 37614 | Vaults:2 | Noticed a lich
 37615 | Vaults:2 | 37615 ||| INVOKING Heroism.
 37616 | Vaults:2 | 37616 ||| INVOKING Finesse.
 37619 | Vaults:2 | 37619 ||| Stepping ~*~*~tactically~*~*~ (hiding).
 37627 | Vaults:2 | Killed a lich
 37692 | Vaults:2 | 37692 ||| Stepping ~*~*~tactically~*~*~ (hiding).
 37778 | Vaults:2 | 37778 ||| INVOKING Heroism.
 37785 | Vaults:2 | Received a gift from Okawaru
 37793 | Vaults:2 | HP: 29/117 [vault warden/+2 war axe of freezing (2)]
 37794 | Vaults:2 | 37794 ||| READING 3 scrolls of teleportation.
 37795 | Vaults:2 | 37795 ||| DRINKING 4 potions of heal wounds.
 37797 | Vaults:2 | 37797 ||| DRINKING 3 potions of heal wounds.
 38080 | Vaults:2 | 38080 ||| Stepping ~*~*~tactically~*~*~ (hiding).
 38090 | Vaults:2 | 38090 ||| INVOKING Heroism.
 38193 | Vaults:2 | 38193 ||| Stepping ~*~*~tactically~*~*~ (hiding).
 38196 | Vaults:2 | 38196 ||| Stepping ~*~*~tactically~*~*~ (hiding).
 38202 | Vaults:2 | 38202 ||| INVOKING Heroism.
 38206 | Vaults:2 | Reached skill level 15 in Fighting
 38218 | Vaults:2 | Received a gift from Okawaru
 38413 | Vaults:2 | Found Ypre's Jewellery Shop.
 38462 | Vaults:2 | 38462 ||| Stepping ~*~*~tactically~*~*~ (hiding).
 38625 | Vaults:2 | Noticed a lich
 38627 | Vaults:2 | Found a transporter.
 38634 | Vaults:2 | Noticed a lich
 38651 | Vaults:2 | Found a transporter.
 38668 | Vaults:2 | 38668 ||| Stepping ~*~*~tactically~*~*~ (hiding).
 38805 | Vaults:2 | 38805 ||| Stepping ~*~*~tactically~*~*~ (hiding).
 38998 | Vaults:2 | 38998 ||| READING 3 scrolls of teleportation.
 39003 | Vaults:2 | 39003 ||| INVOKING Heroism.
 39069 | Vaults:2 | 39069 ||| Stepping ~*~*~tactically~*~*~ (stealth).
 39070 | Vaults:2 | 39070 ||| INVOKING Heroism.
 39071 | Vaults:2 | 39071 ||| INVOKING Finesse.
 39097 | Vaults:2 | 39097 ||| Stepping ~*~*~tactically~*~*~ (stealth).
 39144 | Vaults:2 | 39144 ||| INVOKING Finesse.
 39147 | Vaults:2 | 39147 ||| INVOKING Heroism.
 39393 | Vaults:2 | Found Nekuwiwo's Jewellery Shoppe.
 39520 | Vaults:2 | Reached skill level 18 in Armour
 39521 | Vaults:2 | Received a gift from Okawaru
 39705 | Vaults:2 | Found a staircase to the Crypt.
 39802 | Vaults:2 | 39802 ||| DROPPING scarf of harm.
 39840 | Vaults:3 | 39840 ||| PLANNING BAZAAR
 39851 | Vaults:3 | 39851 ||| INVOKING Heroism.
 39886 | Vaults:3 | 39886 ||| Stepping ~*~*~tactically~*~*~ (hiding).
 39904 | Vaults:3 | Reached XP level 19. HP: 115/124 MP: 24/26
 39962 | Vaults:3 | 39962 ||| Stepping ~*~*~tactically~*~*~ (hiding).
 39965 | Vaults:3 | 39965 ||| INVOKING Heroism.
 39967 | Vaults:3 | 39967 ||| Stepping ~*~*~tactically~*~*~ (hiding).
 40085 | Vaults:3 | Reached skill level 9 in Throwing
 40112 | Vaults:3 | 40112 ||| Stepping ~*~*~tactically~*~*~ (hiding).
 40115 | Vaults:3 | 40115 ||| Stepping ~*~*~tactically~*~*~ (hiding).
 40192 | Vaults:3 | 40192 ||| INVOKING Heroism.
 40224 | Vaults:3 | 40224 ||| Stepping ~*~*~tactically~*~*~ (hiding).
 40238 | Vaults:3 | Reached skill level 15 in Shields
 40256 | Vaults:3 | 40256 ||| INVOKING Heroism.
 40276 | Vaults:3 | Identified the +5 hand axe of Defiance {spect, Int+3}
 40286 | Vaults:3 | 40286 ||| Stepping ~*~*~tactically~*~*~ (hiding).
 40289 | Vaults:3 | 40289 ||| INVOKING Heroism.
 40292 | Vaults:3 | 40292 ||| Stepping ~*~*~tactically~*~*~ (hiding).
 40294 | Vaults:3 | 40294 ||| Stepping ~*~*~tactically~*~*~ (hiding).
 40489 | Vaults:3 | 40489 ||| Stepping ~*~*~tactically~*~*~ (hiding).
 40494 | Vaults:3 | 40494 ||| INVOKING Heroism.
 40611 | Vaults:3 | 40611 ||| INVOKING Heroism.
 40612 | Vaults:3 | 40612 ||| Stepping ~*~*~tactically~*~*~ (stealth).
 40759 | Vaults:3 | 40759 ||| INVOKING Heroism.
 40767 | Vaults:3 | 40767 ||| Stepping ~*~*~tactically~*~*~ (hiding).
 40768 | Vaults:3 | 40768 ||| INVOKING Finesse.
 40921 | Vaults:3 | 40921 ||| Stepping ~*~*~tactically~*~*~ (stealth).
 40923 | Vaults:3 | 40923 ||| Stepping ~*~*~tactically~*~*~ (hiding).
 40925 | Vaults:3 | 40925 ||| Stepping ~*~*~tactically~*~*~ (hiding).
 40929 | Vaults:3 | 40929 ||| INVOKING Heroism.
 40992 | Vaults:3 | 40992 ||| RIP BAZAAR
 41010 | Vaults:3 | 41010 ||| PLANNING VAULTS:1-4
 41071 | Vaults:3 | 41071 ||| Stepping ~*~*~tactically~*~*~ (stealth).
 41077 | Vaults:3 | 41077 ||| INVOKING Finesse.
 41212 | Vaults:3 | 41212 ||| FLEEEEING.
 41213 | Vaults:3 | 41213 ||| FLEEEEING.
 41214 | Vaults:3 | 41214 ||| FLEEEEING.
 41215 | Vaults:3 | 41215 ||| FLEEEEING.
 41219 | Vaults:3 | 41219 ||| FLEEEEING.
 41220 | Vaults:3 | 41220 ||| FLEEEEING.
 41221 | Vaults:3 | 41221 ||| FLEEEEING.
 41222 | Vaults:3 | 41222 ||| FLEEEEING.
 41223 | Vaults:3 | 41223 ||| FLEEEEING.
 41224 | Vaults:3 | 41224 ||| FLEEEEING.
 41225 | Vaults:3 | 41225 ||| FLEEEEING.
 41226 | Vaults:3 | 41226 ||| FLEEEEING.
 41227 | Vaults:3 | 41227 ||| FLEEEEING.
 41228 | Vaults:3 | 41228 ||| FLEEEEING.
 41229 | Vaults:3 | 41229 ||| FLEEEEING.
 41230 | Vaults:3 | 41230 ||| FLEEEEING.
 41231 | Vaults:3 | 41231 ||| FLEEEEING.
 41232 | Vaults:3 | 41232 ||| FLEEEEING.
 41233 | Vaults:3 | 41233 ||| FLEEEEING.
 41235 | Vaults:3 | 41235 ||| Stepping ~*~*~tactically~*~*~ (hiding).
 41236 | Vaults:3 | 41236 ||| INVOKING Heroism.
 41246 | Vaults:3 | Received a gift from Okawaru
 41287 | Vaults:3 | Received a gift from Okawaru
 41302 | Vaults:3 | Reached skill level 19 in Armour
 41574 | Vaults:3 | 41574 ||| Stepping ~*~*~tactically~*~*~ (stealth).
 41576 | Vaults:3 | 41576 ||| Stepping ~*~*~tactically~*~*~ (stealth).
 41578 | Vaults:3 | 41578 ||| INVOKING Heroism.
 41579 | Vaults:3 | 41579 ||| Stepping ~*~*~tactically~*~*~ (stealth).
 42163 | Vaults:3 | 42163 ||| UPGRADING to +0 tower shield.
 42173 | Vaults:3 | 42173 ||| DROPPING +0 kite shield.
 42174 | Vaults:3 | 42174 ||| UPGRADING to +2 pair of gloves.
 42184 | Vaults:3 | 42184 ||| DROPPING +1 pair of gloves of stealth.
 42239 | Vaults:4 | 42239 ||| PLANNING DESOLATION
 42254 | Vaults:4 | 42254 ||| FLEEEEING.
 42255 | Vaults:4 | 42255 ||| STAIRDANCE
 42401 | Vaults:4 | 42401 ||| DRINKING 16 potions of curing.
 42401 | Vaults:4 | 42401 ||| (to cure confusion)
 42452 | Vaults:4 | Found a crumbling gateway.
 42459 | Desolati | Entered the Desolation of Salt
 42472 | Desolati | 42472 ||| INVOKING Heroism.
 42479 | Desolati | Received a gift from Okawaru
 42577 | Desolati | Found the +6 arbalest "Damnation" {damnation}
 42606 | Desolati | 42606 ||| Stepping ~*~*~tactically~*~*~ (hiding).
 42641 | Desolati | 42641 ||| INVOKING Heroism.
 42807 | Desolati | 42807 ||| INVOKING Heroism.
 42888 | Desolati | 42888 ||| Stepping ~*~*~tactically~*~*~ (hiding).
 42920 | Desolati | 42920 ||| Stepping ~*~*~tactically~*~*~ (hiding).
 42922 | Desolati | 42922 ||| INVOKING Heroism.
 42990 | Desolati | 42990 ||| INVOKING Heroism.
 43127 | Desolati | 43127 ||| INVOKING Heroism.
 43131 | Desolati | Identified the +1 hat of qw's Courage {Harm rPois SInv}
                  | (Okawaru gifted it to you in the Desolation of Salt)
 43131 | Desolati | Received a gift from Okawaru
 43132 | Desolati | Reached XP level 20. HP: 132/132 MP: 24/27
 43215 | Desolati | 43215 ||| INVOKING Heroism.
 43266 | Desolati | 43266 ||| INVOKING Heroism.
 43270 | Desolati | Identified the ring "Dulepp" {rC+ Str+6 SInv}
 43398 | Desolati | 43398 ||| Stepping ~*~*~tactically~*~*~ (hiding).
 43435 | Desolati | 43435 ||| Stepping ~*~*~tactically~*~*~ (hiding).
 43436 | Desolati | 43436 ||| Stepping ~*~*~tactically~*~*~ (hiding).
 43502 | Desolati | 43502 ||| INVOKING Heroism.
 43558 | Desolati | Identified the +2 leather armour of the Volcano {rN+ Will-
                  | MP+9}
 43567 | Desolati | Identified the +0 sling of the Original Sin {venom, rElec
                  | rN+ Will+ rCorr}
 43645 | Desolati | Identified the +6 mace of Yredelemnul's Approval {flame,
                  | SInv}
 43666 | Desolati | Identified the +5 scale mail of the Thistle {Will+ Int+6}
 43692 | Desolati | 43692 ||| INVOKING Heroism.
 43748 | Desolati | Identified the +0 chain mail "Zeoge" {+Inv rF+ rCorr}
 43868 | Desolati | Reached skill level 18 in Shields
 43879 | Desolati | 43879 ||| UPGRADING to ring "Dulepp" {rC+ Str+6 SInv}.
 43909 | Vaults:4 | 43909 ||| PLANNING VAULTS:1-4
 43917 | Vaults:4 | 43917 ||| FLEEEEING.
 43918 | Vaults:4 | 43918 ||| FLEEEEING.
 43928 | Vaults:4 | 43928 ||| Stepping ~*~*~tactically~*~*~ (hiding).
 43929 | Vaults:4 | 43929 ||| INVOKING Heroism.
 44171 | Vaults:4 | Found Asman's Book Boutique.
 44174 | Vaults:4 | Found Saextoem's Distillery.
 44191 | Vaults:4 | 44191 ||| BUYING 2 potions of curing (114 gold).
 44191 | Vaults:4 | Bought 2 potions of curing for 114 gold pieces
 44191 | Vaults:4 | 44191 ||| BUYING potion of attraction (57 gold).
 44191 | Vaults:4 | Bought a potion of attraction for 57 gold pieces
 44191 | Vaults:4 | 44191 ||| BUYING potion of cancellation (152 gold).
 44191 | Vaults:4 | Bought a potion of cancellation for 152 gold pieces
 44191 | Vaults:4 | 44191 ||| BUYING potion of curing (57 gold).
 44191 | Vaults:4 | Bought a potion of curing for 57 gold pieces
 44191 | Vaults:4 | 44191 ||| BUYING potion of curing (57 gold).
 44191 | Vaults:4 | Bought a potion of curing for 57 gold pieces
 44191 | Vaults:4 | 44191 ||| BUYING potion of heal wounds (95 gold).
 44191 | Vaults:4 | Bought a potion of heal wounds for 95 gold pieces
 44191 | Vaults:4 | 44191 ||| BUYING potion of might (76 gold).
 44191 | Vaults:4 | Bought a potion of might for 76 gold pieces
 44312 | Vaults:4 | 44312 ||| Stepping ~*~*~tactically~*~*~ (hiding).
 44313 | Vaults:4 | 44313 ||| Stepping ~*~*~tactically~*~*~ (hiding).
 44314 | Vaults:4 | 44314 ||| Stepping ~*~*~tactically~*~*~ (hiding).
 44388 | Vaults:4 | Found Tetaeng's Antique Weapon Emporium.
 44389 | Vaults:4 | Found Weisch's Antique Armour Shoppe.
 44404 | Vaults:4 | 44404 ||| SHOPLISTING glowing helmet (202 gold, have 163).
 44404 | Vaults:4 | 44404 ||| SHOPLISTING pair of buzzing boots (256 gold, have
                  | 163).
 44404 | Vaults:4 | 44404 ||| SHOPLISTING pair of encrusted gloves (256 gold,
                  | have 163).
 44404 | Vaults:4 | 44404 ||| SHOPLISTING shiny helmet (202 gold, have 163).
 44411 | Vaults:4 | 44411 ||| Stepping ~*~*~tactically~*~*~ (stealth).
 44415 | Vaults:4 | 44415 ||| INVOKING Heroism.
 44493 | Vaults:4 | 44493 ||| Stepping ~*~*~tactically~*~*~ (stealth).
 44503 | Vaults:4 | 44503 ||| INVOKING Heroism.
 44546 | Vaults:4 | 44546 ||| Stepping ~*~*~tactically~*~*~ (hiding).
 44906 | Vaults:4 | Noticed an ancient lich
 44907 | Vaults:4 | 44907 ||| INVOKING Heroism.
 44908 | Vaults:4 | 44908 ||| INVOKING Finesse.
 44912 | Vaults:4 | Received a gift from Okawaru
 44922 | Vaults:4 | Killed an ancient lich
 44967 | Vaults:4 | 44967 ||| FLEEEEING.
 44968 | Vaults:4 | 44968 ||| FLEEEEING.
 44969 | Vaults:4 | 44969 ||| FLEEEEING.
 44970 | Vaults:4 | 44970 ||| FLEEEEING.
 44971 | Vaults:4 | 44971 ||| FLEEEEING.
 44975 | Vaults:4 | 44975 ||| FLEEEEING.
 44976 | Vaults:4 | 44976 ||| FLEEEEING.
 44977 | Vaults:4 | 44977 ||| FLEEEEING.
 44978 | Vaults:4 | 44978 ||| FLEEEEING.
 44979 | Vaults:4 | 44979 ||| FLEEEEING.
 44980 | Vaults:4 | 44980 ||| FLEEEEING.
 44981 | Vaults:4 | 44981 ||| FLEEEEING.
 44982 | Vaults:4 | 44982 ||| FLEEEEING.
 44988 | Vaults:4 | 44988 ||| FLEEEEING.
 44989 | Vaults:4 | 44989 ||| FLEEEEING.
 44990 | Vaults:4 | 44990 ||| FLEEEEING.
 44991 | Vaults:4 | 44991 ||| FLEEEEING.
 44992 | Vaults:4 | 44992 ||| FLEEEEING.
 44993 | Vaults:4 | 44993 ||| FLEEEEING.
 44994 | Vaults:4 | 44994 ||| FLEEEEING.
 44995 | Vaults:4 | 44995 ||| FLEEEEING.
 44996 | Vaults:4 | 44996 ||| FLEEEEING.
 44997 | Vaults:4 | 44997 ||| FLEEEEING.
 44998 | Vaults:4 | 44998 ||| FLEEEEING.
 44999 | Vaults:4 | 44999 ||| FLEEEEING.
 45000 | Vaults:4 | 45000 ||| FLEEEEING.
 45001 | Vaults:4 | 45001 ||| FLEEEEING.
 45002 | Vaults:4 | 45002 ||| FLEEEEING.
 45003 | Vaults:4 | 45003 ||| FLEEEEING.
 45004 | Vaults:4 | 45004 ||| FLEEEEING.
 45005 | Vaults:4 | 45005 ||| FLEEEEING.
 45006 | Vaults:4 | 45006 ||| FLEEEEING.
 45007 | Vaults:4 | 45007 ||| FLEEEEING.
 45008 | Vaults:4 | 45008 ||| FLEEEEING.
 45009 | Vaults:4 | 45009 ||| FLEEEEING.
 45012 | Vaults:4 | 45012 ||| FLEEEEING.
 45013 | Vaults:4 | 45013 ||| FLEEEEING.
 45014 | Vaults:4 | 45014 ||| FLEEEEING.
 45015 | Vaults:4 | 45015 ||| FLEEEEING.
 45016 | Vaults:4 | 45016 ||| FLEEEEING.
 45017 | Vaults:4 | 45017 ||| FLEEEEING.
 45018 | Vaults:4 | 45018 ||| FLEEEEING.
 45050 | Vaults:4 | 45050 ||| FLEEEEING.
 45051 | Vaults:4 | 45051 ||| FLEEEEING.
 45052 | Vaults:4 | 45052 ||| FLEEEEING.
 45053 | Vaults:4 | 45053 ||| FLEEEEING.
 45054 | Vaults:4 | 45054 ||| FLEEEEING.
 45055 | Vaults:4 | 45055 ||| FLEEEEING.
 45056 | Vaults:4 | 45056 ||| FLEEEEING.
 45057 | Vaults:4 | 45057 ||| FLEEEEING.
 45058 | Vaults:4 | 45058 ||| FLEEEEING.
 45059 | Vaults:4 | 45059 ||| FLEEEEING.
 45060 | Vaults:4 | 45060 ||| FLEEEEING.
 45061 | Vaults:4 | 45061 ||| FLEEEEING.
 45062 | Vaults:4 | 45062 ||| FLEEEEING.
 45063 | Vaults:4 | 45063 ||| FLEEEEING.
 45064 | Vaults:4 | 45064 ||| FLEEEEING.
 45065 | Vaults:4 | 45065 ||| FLEEEEING.
 45066 | Vaults:4 | 45066 ||| FLEEEEING.
 45067 | Vaults:4 | 45067 ||| FLEEEEING.
 45068 | Vaults:4 | 45068 ||| FLEEEEING.
 45069 | Vaults:4 | 45069 ||| FLEEEEING.
 45070 | Vaults:4 | 45070 ||| FLEEEEING.
 45071 | Vaults:4 | 45071 ||| FLEEEEING.
 45072 | Vaults:4 | 45072 ||| FLEEEEING.
 45073 | Vaults:4 | 45073 ||| FLEEEEING.
 45074 | Vaults:4 | 45074 ||| FLEEEEING.
 45075 | Vaults:4 | 45075 ||| FLEEEEING.
 45076 | Vaults:4 | 45076 ||| FLEEEEING.
 45077 | Vaults:4 | 45077 ||| FLEEEEING.
 45078 | Vaults:4 | 45078 ||| FLEEEEING.
 45084 | Vaults:4 | 45084 ||| FLEEEEING.
 45085 | Vaults:4 | 45085 ||| FLEEEEING.
 45086 | Vaults:4 | 45086 ||| FLEEEEING.
 45087 | Vaults:4 | 45087 ||| FLEEEEING.
 45088 | Vaults:4 | 45088 ||| FLEEEEING.
 45089 | Vaults:4 | 45089 ||| FLEEEEING.
 45090 | Vaults:4 | 45090 ||| FLEEEEING.
 45091 | Vaults:4 | 45091 ||| FLEEEEING.
 45092 | Vaults:4 | 45092 ||| FLEEEEING.
 45093 | Vaults:4 | 45093 ||| FLEEEEING.
 45094 | Vaults:4 | 45094 ||| FLEEEEING.
 45095 | Vaults:4 | 45095 ||| FLEEEEING.
 45096 | Vaults:4 | 45096 ||| FLEEEEING.
 45097 | Vaults:4 | 45097 ||| FLEEEEING.
 45098 | Vaults:4 | 45098 ||| FLEEEEING.
 45099 | Vaults:4 | 45099 ||| FLEEEEING.
 45100 | Vaults:4 | 45100 ||| FLEEEEING.
 45101 | Vaults:4 | 45101 ||| FLEEEEING.
 45102 | Vaults:4 | 45102 ||| FLEEEEING.
 45103 | Vaults:4 | 45103 ||| FLEEEEING.
 45104 | Vaults:4 | 45104 ||| FLEEEEING.
 45105 | Vaults:4 | 45105 ||| FLEEEEING.
 45106 | Vaults:4 | 45106 ||| FLEEEEING.
 45107 | Vaults:4 | 45107 ||| FLEEEEING.
 45114 | Vaults:4 | 45114 ||| FLEEEEING.
 45123 | Vaults:4 | 45123 ||| STAIRDANCE
 45336 | Vaults:4 | 45336 ||| INVOKING Heroism.
 45449 | Vaults:4 | 45449 ||| READING scroll of enchant armour.
 45449 | Vaults:4 | 45449 ||| ENCHANTING +0 pair of boots.
 45480 | Vaults:4 | Found Ikuk's Antique Armour Boutique.
 45724 | Vaults:4 | 45724 ||| PLANNING SNAKE:4
 46045 | Snake:4  | Entered Level 4 of the Snake Pit
 46046 | Snake:4  | 46046 ||| INVOKING Heroism.
 46138 | Snake:4  | 46138 ||| FLEEEEING.
 46139 | Snake:4  | 46139 ||| FLEEEEING.
 46142 | Snake:4  | 46142 ||| Stepping ~*~*~tactically~*~*~ (hiding).
 46277 | Snake:4  | 46277 ||| Stepping ~*~*~tactically~*~*~ (hiding).
 46278 | Snake:4  | 46278 ||| Stepping ~*~*~tactically~*~*~ (hiding).
 46399 | Snake:4  | 46399 ||| READING scroll of enchant armour.
 46399 | Snake:4  | 46399 ||| ENCHANTING +1 pair of boots.
 46432 | Snake:4  | 46432 ||| Stepping ~*~*~tactically~*~*~ (hiding).
 46438 | Snake:4  | 46438 ||| Stepping ~*~*~tactically~*~*~ (hiding).
 46439 | Snake:4  | 46439 ||| Stepping ~*~*~tactically~*~*~ (hiding).
 46442 | Snake:4  | 46442 ||| Stepping ~*~*~tactically~*~*~ (hiding).
 46443 | Snake:4  | 46443 ||| Stepping ~*~*~tactically~*~*~ (hiding).
 46445 | Snake:4  | 46445 ||| Stepping ~*~*~tactically~*~*~ (hiding).
 46457 | Snake:4  | 46457 ||| Stepping ~*~*~tactically~*~*~ (hiding).
 46460 | Snake:4  | 46460 ||| Stepping ~*~*~tactically~*~*~ (hiding).
 46461 | Snake:4  | 46461 ||| Stepping ~*~*~tactically~*~*~ (hiding).
 46463 | Snake:4  | 46463 ||| Stepping ~*~*~tactically~*~*~ (hiding).
 46472 | Snake:4  | Noticed Vashnia
 46481 | Snake:4  | Reached XP level 21. HP: 139/139 MP: 28/28
 46492 | Snake:4  | 46492 ||| Stepping ~*~*~tactically~*~*~ (hiding).
 46496 | Snake:4  | Killed Vashnia
 46640 | Snake:4  | 46640 ||| INVOKING Heroism.
 46809 | Snake:4  | 46809 ||| INVOKING Heroism.
 46961 | Snake:4  | 46961 ||| INVOKING Heroism.
 46970 | Snake:4  | Noticed Mara
 46971 | Snake:4  | 46971 ||| INVOKING Finesse.
 46988 | Snake:4  | Received a gift from Okawaru
 46989 | Snake:4  | Reached skill level 18 in Fighting
 47002 | Snake:4  | Noticed qw's illusion
 47006 | Snake:4  | Killed Mara
 47030 | Snake:4  | Received a gift from Okawaru
 47037 | Snake:4  | Got a serpentine rune of Zot
 47088 | Snake:4  | 47088 ||| Stepping ~*~*~tactically~*~*~ (hiding).
 47121 | Snake:4  | 47121 ||| Stepping ~*~*~tactically~*~*~ (hiding).
 47227 | Snake:4  | 47227 ||| INVOKING Heroism.
 47239 | Snake:4  | Identified the +5 broad axe "Zaism" {speed, Contam +Blink
                  | rElec MP+9} (Okawaru gifted it to you on level 4 of the
                  | Snake Pit)
 47239 | Snake:4  | Received a gift from Okawaru
 47246 | Snake:4  | 47246 ||| Stepping ~*~*~tactically~*~*~ (stealth).
 47248 | Snake:4  | 47248 ||| Stepping ~*~*~tactically~*~*~ (stealth).
 47286 | Snake:4  | 47286 ||| Stepping ~*~*~tactically~*~*~ (hiding).
 47321 | Snake:4  | 47321 ||| Stepping ~*~*~tactically~*~*~ (hiding).
 47343 | Snake:4  | 47343 ||| Stepping ~*~*~tactically~*~*~ (stealth).
 47499 | Snake:4  | 47499 ||| PLANNING DEPTHS
 47499 | Snake:4  | 47499 ||| DROPPING +1 cloak.
 47500 | Snake:4  | 47500 ||| DROPPING ring of fire.
 47777 | Depths:1 | Entered Level 1 of the Depths
 47879 | Depths:1 | 47879 ||| Stepping ~*~*~tactically~*~*~ (hiding).
 47960 | Depths:1 | 47960 ||| INVOKING Heroism.
 47984 | Depths:1 | 47984 ||| Stepping ~*~*~tactically~*~*~ (hiding).
 47988 | Depths:1 | 47988 ||| INVOKING Heroism.
 47989 | Depths:1 | 47989 ||| INVOKING Finesse.
 47991 | Depths:1 | Found a gateway to Hell.
 48059 | Depths:1 | 48059 ||| INVOKING Heroism.
 48061 | Depths:1 | 48061 ||| INVOKING Finesse.
 48082 | Depths:1 | 48082 ||| Stepping ~*~*~tactically~*~*~ (stealth).
 48185 | Depths:1 | 48185 ||| INVOKING Heroism.
 48186 | Depths:1 | 48186 ||| INVOKING Finesse.
 48225 | Depths:1 | Found a one-way gate to the infinite horrors of the Abyss.
 48246 | Depths:1 | Found a stormy altar of Qazlal.
 48314 | Depths:1 | 48314 ||| INVOKING Heroism.
 48316 | Depths:1 | 48316 ||| INVOKING Finesse.
 48324 | Depths:1 | Reached skill level 20 in Armour
 48375 | Depths:1 | 48375 ||| Stepping ~*~*~tactically~*~*~ (stealth).
 48380 | Depths:1 | Noticed Asterion
 48381 | Depths:1 | 48381 ||| INVOKING Heroism.
 48382 | Depths:1 | 48382 ||| INVOKING Finesse.
 48406 | Depths:1 | Killed Asterion
 48457 | Depths:1 | 48457 ||| INVOKING Heroism.
 48496 | Depths:1 | 48496 ||| INVOKING Heroism.
 48735 | Depths:2 | 48735 ||| INVOKING Heroism.
 48748 | Depths:2 | Received a gift from Okawaru
 48887 | Depths:2 | 48887 ||| Stepping ~*~*~tactically~*~*~ (hiding).
 48890 | Depths:2 | 48890 ||| INVOKING Heroism.
 48922 | Depths:2 | 48922 ||| Stepping ~*~*~tactically~*~*~ (stealth).
 49004 | Depths:2 | 49004 ||| Stepping ~*~*~tactically~*~*~ (stealth).
 49085 | Depths:2 | Noticed Aizul
 49087 | Depths:2 | 49087 ||| Stepping ~*~*~tactically~*~*~ (hiding).
 49103 | Depths:2 | Killed Aizul
 49176 | Depths:2 | 49176 ||| Stepping ~*~*~tactically~*~*~ (hiding).
 49177 | Depths:2 | 49177 ||| Stepping ~*~*~tactically~*~*~ (hiding).
 49204 | Depths:2 | 49204 ||| INVOKING Heroism.
 49538 | Depths:2 | Found a one-way gate leading to the halls of Pandemonium.
 49857 | Depths:2 | Noticed Vv
 49858 | Depths:2 | 49858 ||| DRINKING 7 potions of resistance.
 49859 | Depths:2 | 49859 ||| INVOKING Heroism.
 49860 | Depths:2 | 49860 ||| INVOKING Finesse.
 49883 | Depths:2 | Killed Vv
 50172 | Depths:2 | 50172 ||| DROPPING +6 ring of strength.
 50186 | Depths:3 | Noticed Boris
 50187 | Depths:3 | 50187 ||| INVOKING Heroism.
 50188 | Depths:3 | 50188 ||| INVOKING Finesse.
 50195 | Depths:3 | Killed Boris
 50241 | Depths:3 | 50241 ||| INVOKING Heroism.
 50242 | Depths:3 | 50242 ||| INVOKING Finesse.
 50250 | Depths:3 | Reached XP level 22. HP: 149/149 MP: 22/29
 50305 | Depths:3 | 50305 ||| Stepping ~*~*~tactically~*~*~ (hiding).
 50427 | Depths:3 | Noticed Grunn
 50428 | Depths:3 | 50428 ||| Stepping ~*~*~tactically~*~*~ (hiding).
 50432 | Depths:3 | 50432 ||| INVOKING Heroism.
 50433 | Depths:3 | 50433 ||| INVOKING Finesse.
 50436 | Depths:3 | Received a gift from Okawaru
 50454 | Depths:3 | Received a gift from Okawaru
 50463 | Depths:3 | Killed Grunn
 50672 | Depths:3 | 50672 ||| INVOKING Heroism.
 50692 | Depths:3 | Reached skill level 21 in Armour
 50940 | Depths:3 | Found a runed translucent gate.
 50941 | Depths:3 | Found a runed translucent gate.
 50941 | Depths:3 | Found a runed translucent gate.
 50941 | Depths:3 | Noticed Dameikh's ghost (veteran FoFi)
 51056 | Depths:3 | 51056 ||| INVOKING Heroism.
 51113 | Depths:3 | 51113 ||| INVOKING Heroism.
 51214 | Depths:3 | Received a gift from Okawaru
 51235 | Depths:3 | 51235 ||| Stepping ~*~*~tactically~*~*~ (hiding).
 51237 | Depths:3 | 51237 ||| Stepping ~*~*~tactically~*~*~ (stealth).
 51238 | Depths:3 | 51238 ||| Stepping ~*~*~tactically~*~*~ (hiding).
 51243 | Depths:3 | 51243 ||| INVOKING Heroism.
 51253 | Depths:3 | HP: 28/149 [living spell/divine providence[a walking divine
                  | tome] (12)]
 51253 | Depths:3 | HP: 2/149 [living spell/divine providence[a walking divine
                  | tome] (14)]
 51254 | Depths:3 | Reached skill level 6 in Dodging
 51254 | Depths:3 | 51254 ||| READING 6 scrolls of teleportation.
 51254 | Depths:3 | Killed from afar by a living spell

Levels and vault maps discovered:
D:1:      dpeg_arrival_erosion, layout_basic
D:2:      layout_loops_corners, hellmonk_ecumenical_altar_pennies_from_heaven,
          basic_altar, minmay_vboxes
D:3:      layout_basic, ashenzari_conservatory_becter, serial_glass,
          glass_columns_b, glass_columns_a, chequers_serial_rivers_micro_c,
          uniq_robin, uniq_crazy_yiuf_cottage
D:4:      layout_rooms, nicolae_kite_square_tiling_tiny
D:5:      layout_gridville, grunt_temple_overflow_open,
          nicolae_ossuary_entry_catacombs
D:6:      layout_cave_pools, kennysheep_little_box,
          minmay_temple_entry_proselytizer
D:7:      layout_loops_ring, vehumet_altar_wand_db, serial_undead,
          serial_undead_d, serial_undead_b, serial_undead_d, serial_undead_a,
          serial_shops, shop_fountains
D:8:      layout_gridville, serial_bayou_crossing, uniq_maurice
D:9:      layout_rooms, enter_bailey_4, amcnicky_mini_corridor_feature
D:10:     layout_roguey, enter_trove_1, david_defended_altar_orc
D:11:     layout_grid_maze, dpeg_lair_monsters, orc_0_dummy,
          minmay_misc_feat_pillars
D:12:     layout_roguey, minmay_puff, uniq_erolcha
D:13:     layout_irregular_city, uniq_lodul
D:14:     layout_roguey, david_vaults_1, nicolae_hepliaklqana_hazy_memory,
          uniq_josephine, uniq_agnes
D:15:     grunt_enter_depths_snipers, layout_loops_ring, kennysheep_flooded_box
Temple:   eino_wide_crystal_templ
Lair:1:   layout_gridlike, uniq_maggie
Lair:2:   layout_loops_ring, wad_woods_road_05
Lair:3:   layout_cave_pods, shoals_dummy_entry, dummy_snake_entry, st_stairs_12,
          kennysheep_abandoned_house
Lair:4:   layout_loops_ring, grunt_megastairs_2, lemuel_fruit_fields
Lair:5:   minmay_lair_end_frog_pond, layout_cave_pods, slime_entry_1,
          st_stairs_10
Shoals:1: layout_shoals
Shoals:2: layout_shoals, nicolae_shoals_stone_sculpture_thing
Shoals:3: layout_shoals, ebering_ghost_davey_jones
Shoals:4: shoals_end_hellmonk_storm_palace [storm_palace_center_ruins,
          storm_palace_corner_pillars, storm_palace_corner_reverse_hut,
          storm_palace_corner_narrow, storm_palace_corner_altar], serial_shops
Snake:1:  layout_chambers, gammafunk_ghost_necromancy, serial_shops,
          nicolae_shop_crystal, shop, shop, nicolae_shop_i_like_big_books,
          st_stairs_14, grunt_ministairs_13
Snake:2:  layout_gridlike, minmay_shop_grove
Snake:3:  layout_cave_town, gammafunk_ghost_berserking_beasts
Snake:4:  grunt_snake_rune_pools, layout_cave_town, uniq_mara, uniq_vashnia
Orc:1:    layout_caves
Orc:2:    st_orc_open, layout_caves, portal_ice_cave_entry_animals_and_master
Vaults:1: nicolae_vaults_stairing_the_circle, nicolae_vaults_network_s,
          nicolae_vaults_little_squares_4, v_rooms_6, vaults_room_pools,
          v_rooms_2, vaults_dpeg_hooks, nicolae_vaults_network_star,
          vaults_dpeg_ring, grunt_vaults_hallway_short, layout_vaults_big_room
Vaults:2: gammafunk_ghost_mausoleum, v_pattern_5,
          minmay_crypt_entry_simple_walls, hangedman_vaults_nodes,
          nicolae_vaults_sealed_display, st_lattice,
          nicolae_vaults_bisected_slash, nicolae_vaults_three_branches,
          vaults_room_hallway, layout_vaults_big_cross, serial_shops,
          nicolae_shop_trees, nicolae_shop_advertising_works
          [nicolae_subvault_shop_adworks]
Vaults:3: v_misc_31, vaults_mumra_chevron, vaults_room_boxed,
          hangedman_vaults_maws, v_misc_4, st_squares,
          vaults_dpeg_emergency_exit, ontoclasm_vaults_decontamination,
          hangedman_vaults_snaps, hangedman_vaults_maws,
          hangedman_vaults_corner_blocks, layout_vaults_ring, serial_shops,
          bzr_firewalk
Vaults:4: portal_desolation_entry_nicolae_slug, v_misc_27, v_misc_30,
          st_quartered_hall, hangedman_vaults_hat, v_misc_3,
          hangedman_vaults_maws, ontoclasm_vaults_pinch,
          hangedman_vaults_variations, nicolae_vaults_asterisk,
          nicolae_vaults_little_squares_4, ontoclasm_vaults_loading_screen,
          layout_vaults_omnigrid, serial_shops, shop_statue,
          nicolae_shop_statue_plus, nicolae_shop_stone, nicolae_shop_trees, shop
Depths:1: layout_gridville, nicolae_qazlal_eye_of_the_storm, hell_entry,
          abyss_entry, nicolae_hexahallways, due_unseen_surprise, uniq_asterion
Depths:2: nicolae_cairo_tiling_large, layout_twisted_cross, minmay_hedge_maze,
          grunt_hell_entry_dis_old, rand_demon_pan_entry_7, uniq_aizul, uniq_vv
Depths:3: kennysheep_blocky_room, layout_gridlike, gammafunk_ghost_split,
          minmay_room_of_horrors, hell_entry, chequers_serial_rivers_small_b,
          minmay_misc_feat_iff, infiniplex_staircase_squiggle, uniq_grunn,
          uniq_boris

Skill      XL: |  1  2  3  4  5  6  7  8  9 10 11 12 13 14 15 16 17 18 19 20 21 22 |
---------------+-------------------------------------------------------------------+-----
Axes           | 2 3 4 5 6 7 8 9 10 11 12 13 15 16 17 18 | 18.0
Fighting       | 4 5 6 7 8 9 10 11 12 14 15 16 17 19 | 19.0
Armour         | 4 5 7 8 9 10 12 15 16 18 19 20 21 | 21.0
Dodging        | 1 2 3 4 5 6 |  6.1
Throwing       | 1 3 4 6 7 8 9 10 | 10.2
Shields        | 4 5 10 11 12 13 14 16 19 20 | 20.2
Invocations    | 4 7 10 | 10.0

Action                   |  1- 3 |  4- 6 |  7- 9 | 10-12 | 13-15 | 16-18 | 19-21 | 22-24 || total
-------------------------+-------+-------+-------+-------+-------+-------+-------+-------++-------
Melee: War axe           |    81 |   191 |   340 |   388 |       |       |       |       ||  1000
       Broad axe         |       |       |       |   158 |   930 |  1464 |  1403 |   180 ||  4135
       Morningstar       |       |       |       |     2 |    17 |       |       |       ||    19
Throw: Boomerang         |       |       |    60 |    16 |    19 |       |       |       ||    95
       Javelin           |       |       |       |    39 |   126 |    73 |    94 |     7 ||   339
Invok: Heroism           |       |       |     2 |    27 |    47 |    46 |    44 |     5 ||   171
       Finesse           |       |       |       |     4 |    10 |     8 |    12 |     1 ||    35
  Use: Scroll            |     3 |     6 |    11 |     7 |    13 |     4 |     2 |     1 ||    47
       Potion            |     1 |     3 |     4 |     3 |     4 |     4 |     2 |       ||    21
 Stab: Distracted        |       |       |       |       |       |       |     1 |       ||     1
       Petrifying        |       |       |       |       |       |       |       |     2 ||     2
Armor: Scale mail        |     7 |       |       |       |       |       |       |       ||     7
       Plate armour      |    36 |   152 |   239 |   224 |   363 |       |       |       ||  1014
       Gold dragon scale |       |       |       |       |    17 |   761 |   628 |    76 ||  1482
Dodge: Dodged            |    28 |    58 |   108 |   124 |   177 |   223 |   204 |    20 ||   942
Block: Buckler           |    15 |    43 |   120 |    72 |       |       |       |       ||   250
       Reflection        |       |       |     2 |     6 |    22 |    77 |    68 |     1 ||   176
       Kite shield       |       |       |       |   247 |   663 |  1056 |   231 |       ||  2197
       Tower shield      |       |       |       |       |       |       |  1046 |   152 ||  1198

Table legend:
 A = Non-vault XP
 B = Vault XP
 C = Vault XP percentage of total XP
 D = Non-vault monster count
 E = Vault monster count
 F = Vault count percentage of total count
                 A         B        C        D         E       F
            +---------+---------+-------+---------+---------+-------
      Total |  330281 |  299664 |  47.6 |     884 |     554 |  38.5
            +---------+---------+-------+---------+---------+-------
        D:1 |      12 |       0 |   0.0 |       9 |       0 |   0.0
        D:2 |      63 |      29 |  31.5 |      20 |      10 |  33.3
        D:3 |      75 |      35 |  31.8 |      21 |      11 |  34.4
        D:4 |     377 |       0 |   0.0 |      26 |       0 |   0.0
        D:5 |     805 |     163 |  16.8 |      15 |       6 |  28.6
        D:6 |     659 |      41 |   5.9 |      16 |       1 |   5.9
        D:7 |    1292 |     786 |  37.8 |      25 |      14 |  35.9
        D:8 |    2594 |     480 |  15.6 |      27 |       1 |   3.6
        D:9 |    2374 |      13 |   0.5 |      21 |       5 |  19.2
       D:10 |    2502 |     124 |   4.7 |      32 |       3 |   8.6
       D:11 |    3962 |    3238 |  45.0 |      14 |       4 |  22.2
       D:12 |    7048 |    2099 |  22.9 |      19 |       5 |  20.8
       D:13 |    3701 |    1463 |  28.3 |      10 |       7 |  41.2
       D:14 |    4186 |    4942 |  54.1 |      10 |       9 |  47.4
       D:15 |    8036 |    2850 |  26.2 |      13 |       3 |  18.8
     Lair:1 |    2586 |     404 |  13.5 |      12 |       1 |   7.7
     Lair:2 |    4410 |       0 |   0.0 |      24 |       0 |   0.0
     Lair:3 |    7928 |     700 |   8.1 |      21 |      14 |  40.0
     Lair:4 |    2680 |    1017 |  27.5 |       5 |       3 |  37.5
     Lair:5 |   10567 |   10268 |  49.3 |      34 |      37 |  52.1
   Shoals:1 |    7892 |       0 |   0.0 |      19 |       0 |   0.0
   Shoals:2 |    8083 |       0 |   0.0 |      18 |       0 |   0.0
   Shoals:3 |   13854 |       0 |   0.0 |      25 |       0 |   0.0
   Shoals:4 |    9835 |   25609 |  72.3 |      22 |      54 |  71.1
    Snake:1 |   11789 |    1110 |   8.6 |      25 |       3 |  10.7
    Snake:2 |   13501 |       0 |   0.0 |      27 |       0 |   0.0
    Snake:3 |   18350 |       0 |   0.0 |      36 |       0 |   0.0
    Snake:4 |   21200 |   34937 |  62.2 |      42 |      44 |  51.2
      Orc:1 |    3033 |       0 |   0.0 |      43 |       0 |   0.0
      Orc:2 |    2982 |   17181 |  85.2 |      28 |      45 |  61.6
   Vaults:1 |   19459 |   19345 |  49.9 |      32 |      22 |  40.7
   Vaults:2 |   17158 |   23190 |  57.5 |      28 |      30 |  51.7
   Vaults:3 |   37309 |   26191 |  41.2 |      61 |      33 |  35.1
   Vaults:4 |   14175 |   44424 |  75.8 |      18 |      48 |  72.7
   Depths:1 |   23528 |    1674 |   6.6 |      28 |       1 |   3.4
   Depths:2 |   21777 |    7112 |  24.6 |      29 |       8 |  21.6
   Depths:3 |   20499 |   18878 |  47.9 |      29 |      24 |  45.3
 Desolation |       0 |   51361 | 100.0 |       0 |     108 | 100.0
            +---------+---------+-------+---------+---------+-------
